Workbook
Name PRINT_AREA: #N/A
Name PRINT_AREA_MI: #N/A
Name PRINT_TITLES: #N/A
Name PRINT_TITLES_MI: #N/A

Sheet CONSOLIDADO PONDERABLES
A1: FONDO DE DESARROLLO LOCAL DE ENGATIVÁ
A2: CONCURSO DE MÉRITOS ABIERTO FDLE-CMA-275-2023
A4: CONSOLIDADO EVALUACIÓN DEFINITIVA
B8: FACTORES PONDERABLES / PUNTAJE FINAL | C8: HABILITADO FINANCIERO | D8: HABILITADO JURIDICO | E8: HABILITADO TÉCNICO | F8: HABILITADO | G8: PROMEDIO DE EXPERIENCIA DEL PROPONENTE | H8: DIFERENCIA ABSOLUTA CON LA MEDIA GEOMÉTRICA | I8: EXPERIENCIA DEL PROPONENTE (67,5 PUNTOS) | J8: EQUIPO DE TRABAJO (PERSONAL CLAVE EVALUABLE) (10 PUNTOS) | K8: FACTOR SOSTENIBILIDAD (1 PUNTO) | L8: APOYO A LA INDUSTRIA NACIONAL(20 PUNTOS) | M8: PUNTAJE ADICIONAL PROPUESTAS CON TRABAJADORES CON DISCAPACIDAD (1 PUNTO) | N8: EMPRESAS Y EMPRENDIMIENTOS DE MUJERES (0,25) | O8: CRITERIOS DIFERENCIALES PARA MIPYME (0,25) | P8: PUNTAJE TOTAL | Q8: OBSERVACIONES
A9: 1 | B9: CONSORCIO INTERCOV | C9: CUMPLE | D9: CUMPLE | E9: =IF(G9="","NO CUMPLE","CUMPLE") -> NO CUMPLE | F9: =IF(AND(C9="CUMPLE",D9="CUMPLE",E9="CUMPLE"),"HABILITADO","NO HABILITADO") -> NO HABILITADO | G9: =+'EXPERIENCIA DEL PROPONENTE'!O13 | Q9: NO PRESENTA CERTIFICADO DE VINCULACION DE DISCAPACITADOS NO SUBSANABLE
A10: 2 | B10: INTERCONSULTORES 2023 | C10: CUMPLE | D10: CUMPLE | E10: =IF(G10="","NO CUMPLE","CUMPLE") -> NO CUMPLE | F10: =IF(AND(C10="CUMPLE",D10="CUMPLE",E10="CUMPLE"),"HABILITADO","NO HABILITADO") -> NO HABILITADO | G10: =+'EXPERIENCIA DEL PROPONENTE'!O18
A11: 3 | B11: CONSULTORES ESPECIALIZADOS Y ASOCIADOS DE SANTANDER SAS | C11: CUMPLE | D11: CUMPLE | E11: =IF(G11="","NO CUMPLE","CUMPLE") -> NO CUMPLE | F11: =IF(AND(C11="CUMPLE",D11="CUMPLE",E11="CUMPLE"),"HABILITADO","NO HABILITADO") -> NO HABILITADO | G11: =+'EXPERIENCIA DEL PROPONENTE'!O23
A12: 4 | B12: CONSORCIO OPH-AIH | C12: CUMPLE | D12: CUMPLE | E12: =IF(G12="","NO CUMPLE","CUMPLE") -> NO CUMPLE | F12: =IF(AND(C12="CUMPLE",D12="CUMPLE",E12="CUMPLE"),"HABILITADO","NO HABILITADO") -> NO HABILITADO
A13: 5 | B13: C INGESA | C13: CUMPLE | D13: CUMPLE | E13: =IF(G13="","NO CUMPLE","CUMPLE") -> NO CUMPLE | F13: =IF(AND(C13="CUMPLE",D13="CUMPLE",E13="CUMPLE"),"HABILITADO","NO HABILITADO") -> NO HABILITADO
A14: 6 | B14: CONSORCIO DIN ISUTECH | C14: CUMPLE | D14: NO CUMPLE | E14: =IF(G14="","NO CUMPLE","CUMPLE") -> NO CUMPLE | F14: =IF(AND(C14="CUMPLE",D14="CUMPLE",E14="CUMPLE"),"HABILITADO","NO HABILITADO") -> NO HABILITADO | G14: =+'EXPERIENCIA DEL PROPONENTE'!O39 | Q14: EMPRENDIMIENTO Y EMPRESAS DE MUJERES. NO PRESENTA CERTIFICACION EXPEDIDA POR REPRESENTANTE LEGAL Y REVISOR FISCAL
A15: 7 | B15: CONSORCIO SANTA MARIA IP | C15: CUMPLE | D15: CUMPLE | E15: =IF(G15="","NO CUMPLE","CUMPLE") -> NO CUMPLE | F15: =IF(AND(C15="CUMPLE",D15="CUMPLE",E15="CUMPLE"),"HABILITADO","NO HABILITADO") -> NO HABILITADO | G15: =+'EXPERIENCIA DEL PROPONENTE'!O46 | Q15: EMPRENDIMIENTO Y EMPRESAS DE MUJERES. NO PRESENTA CERTIFICACION EXPEDIDA POR REPRESENTANTE LEGAL Y REVISOR FISCAL
A16: 8 | B16: UNIOBRAS DEL ORIENTE SAS | C16: CUMPLE | D16: CUMPLE | E16: =IF(G16="","NO CUMPLE","CUMPLE") -> NO CUMPLE | F16: =IF(AND(C16="CUMPLE",D16="CUMPLE",E16="CUMPLE"),"HABILITADO","NO HABILITADO") -> NO HABILITADO | G16: =+'EXPERIENCIA DEL PROPONENTE'!O51
A17: 9 | B17: TORRES & ASOCIADOS | C17: CUMPLE | D17: CUMPLE | E17: =IF(G17="","NO CUMPLE","CUMPLE") -> NO CUMPLE | F17: =IF(AND(C17="CUMPLE",D17="CUMPLE",E17="CUMPLE"),"HABILITADO","NO HABILITADO") -> NO HABILITADO | G17: =+'EXPERIENCIA DEL PROPONENTE'!O56 | Q17: EMPRENDIMIENTO Y EMPRESAS DE MUJERES. NO PRESENTA CERTIFICACION EXPEDIDA POR REPRESENTANTE LEGAL Y REVISOR FISCAL
A18: 10 | B18: INTERVIAL URBANO | C18: CUMPLE | D18: CUMPLE | E18: =IF(G18="","NO CUMPLE","CUMPLE") -> CUMPLE | F18: =IF(AND(C18="CUMPLE",D18="CUMPLE",E18="CUMPLE"),"HABILITADO","NO HABILITADO") -> HABILITADO | G18: =+'EXPERIENCIA DEL PROPONENTE'!O61 -> 1487.7512 | H18: =ABS(G18-$G$106) -> 267.61994 | I18: =67.5*(1-H18/$G$106) -> 52.694753 | J18: 10 | K18: 0 | L18: 20 | M18: 1 | N18: 0.25 | O18: 0.25 | P18: =SUM(I18:O18) -> 84.194753 | Q18: EN LA DOCUMENTACION ENTREGADA, NO SE EVIDENCIA "Factor de sostenibilidad" - NO SUBSANABLE
A19: 11 | B19: RD INGENIEROS CIVILES SAS | C19: CUMPLE | D19: CUMPLE | E19: =IF(G19="","NO CUMPLE","CUMPLE") -> NO CUMPLE | F19: =IF(AND(C19="CUMPLE",D19="CUMPLE",E19="CUMPLE"),"HABILITADO","NO HABILITADO") -> NO HABILITADO
A20: 12 | B20: MAMUT ACERO Y CONCRETO SAS | C20: CUMPLE | D20: CUMPLE | E20: =IF(G20="","NO CUMPLE","CUMPLE") -> NO CUMPLE | F20: =IF(AND(C20="CUMPLE",D20="CUMPLE",E20="CUMPLE"),"HABILITADO","NO HABILITADO") -> NO HABILITADO | G20: =+'EXPERIENCIA DEL PROPONENTE'!O71
A21: 13 | B21: COMPAÑÍA DE PREOYECTOS TECNICOS CPT SA | C21: CUMPLE | D21: CUMPLE | E21: =IF(G21="","NO CUMPLE","CUMPLE") -> NO CUMPLE | F21: =IF(AND(C21="CUMPLE",D21="CUMPLE",E21="CUMPLE"),"HABILITADO","NO HABILITADO") -> NO HABILITADO | G21: =+'EXPERIENCIA DEL PROPONENTE'!O76
A22: 14 | B22: MIGUEL MORALES INGENIERIA SAS | C22: CUMPLE | D22: CUMPLE | E22: =IF(G22="","NO CUMPLE","CUMPLE") -> NO CUMPLE | F22: =IF(AND(C22="CUMPLE",D22="CUMPLE",E22="CUMPLE"),"HABILITADO","NO HABILITADO") -> NO HABILITADO | G22: =+'EXPERIENCIA DEL PROPONENTE'!O81 | Q22: EMPRENDIMIENTO Y EMPRESAS DE MUJERES. NO PRESENTA FORMATO 13 Y SUS SOPORTES. NO SUBSANABLE.
A23: 15 | B23: FEYMA INGENIERIA SAS | C23: CUMPLE | D23: CUMPLE | E23: =IF(G23="","NO CUMPLE","CUMPLE") -> CUMPLE | F23: =IF(AND(C23="CUMPLE",D23="CUMPLE",E23="CUMPLE"),"HABILITADO","NO HABILITADO") -> HABILITADO | G23: =+'EXPERIENCIA DEL PROPONENTE'!O86 -> 809.74886 | H23: =ABS(G23-$G$106) -> 410.38246 | I23: =67.5*(1-H23/$G$106) -> 44.796857 | J23: 10 | K23: 1 | L23: 20 | M23: 1 | N23: 0.25 | O23: 0.25 | P23: =SUM(I23:O23) -> 77.296857
A24: 16 | B24: CONSORCIO ENGATIVA JC 275 | C24: CUMPLE | D24: CUMPLE | E24: =IF(G24="","NO CUMPLE","CUMPLE") -> CUMPLE | F24: =IF(AND(C24="CUMPLE",D24="CUMPLE",E24="CUMPLE"),"HABILITADO","NO HABILITADO") -> HABILITADO | G24: =+'EXPERIENCIA DEL PROPONENTE'!O94 -> 634.6582 | H24: =ABS(G24-$G$106) -> 585.47312 | I24: =67.5*(1-H24/$G$106) -> 35.110506 | J24: 10 | K24: 1 | L24: 20 | M24: 1 | N24: 0.25 | O24: 0.25 | P24: =SUM(I24:O24) -> 67.610506
A25: 17 | B25: CONSORCIO METROPOLI | C25: CUMPLE | D25: CUMPLE | E25: =IF(G25="","NO CUMPLE","CUMPLE") -> NO CUMPLE | F25: =IF(AND(C25="CUMPLE",D25="CUMPLE",E25="CUMPLE"),"HABILITADO","NO HABILITADO") -> NO HABILITADO
A26: 18 | B26: CONSORCIO GS | C26: CUMPLE | D26: CUMPLE | E26: =IF(G26="","NO CUMPLE","CUMPLE") -> NO CUMPLE | F26: =IF(AND(C26="CUMPLE",D26="CUMPLE",E26="CUMPLE"),"HABILITADO","NO HABILITADO") -> NO HABILITADO | G26: =+'EXPERIENCIA DEL PROPONENTE'!O106
A27: 19 | B27: CONSORCIO ECOINTECON | C27: CUMPLE | D27: CUMPLE | E27: =IF(G27="","NO CUMPLE","CUMPLE") -> NO CUMPLE | F27: =IF(AND(C27="CUMPLE",D27="CUMPLE",E27="CUMPLE"),"HABILITADO","NO HABILITADO") -> NO HABILITADO | G27: =+'EXPERIENCIA DEL PROPONENTE'!O112
A28: 20 | B28: R&M CONSTRUCCIONES E INTERVENTORIAS S.A.S | C28: CUMPLE | D28: CUMPLE | E28: CUMPLE | F28: =IF(AND(C28="CUMPLE",D28="CUMPLE",E28="CUMPLE"),"HABILITADO","NO HABILITADO") -> HABILITADO | G28: =+'EXPERIENCIA DEL PROPONENTE'!O117 -> 999.6953 | H28: =ABS(G28-$G$106) -> 220.43602 | I28: =67.5*(1-H28/$G$106) -> 55.305058 | J28: 10 | K28: 1 | L28: 20 | M28: 1 | N28: 0.25 | O28: 0.25 | P28: =SUM(I28:O28) -> 87.805058
A29: 21 | B29: ALIANZA INTEGRAL DE PROYECTOS SAS BIC | C29: CUMPLE | D29: CUMPLE | E29: NO CUMPLE | F29: =IF(AND(C29="CUMPLE",D29="CUMPLE",E29="CUMPLE"),"HABILITADO","NO HABILITADO") -> NO HABILITADO
A30: 22 | B30: CTV Y PUENTES ENGATIVA | C30: CUMPLE | D30: CUMPLE | E30: =IF(G30="","NO CUMPLE","CUMPLE") -> CUMPLE | F30: =IF(AND(C30="CUMPLE",D30="CUMPLE",E30="CUMPLE"),"HABILITADO","NO HABILITADO") -> HABILITADO | G30: =+'EXPERIENCIA DEL PROPONENTE'!O128 -> 1004.5421 | H30: =ABS(G30-$G$106) -> 215.58919 | I30: =67.5*(1-H30/$G$106) -> 55.573193 | J30: 10 | K30: 1 | L30: 20 | M30: 1 | N30: 0.25 | O30: 0.25 | P30: =SUM(I30:O30) -> 88.073193
A31: 23 | B31: CONSORCIO VIAL ENGATIVA | C31: CUMPLE | D31: CUMPLE | E31: =IF(G31="","NO CUMPLE","CUMPLE") -> NO CUMPLE | F31: =IF(AND(C31="CUMPLE",D31="CUMPLE",E31="CUMPLE"),"HABILITADO","NO HABILITADO") -> NO HABILITADO | G31: =+'EXPERIENCIA DEL PROPONENTE'!O133
A32: 24 | B32: CONSORCIO INTERVIAL UG-ING | C32: CUMPLE | D32: CUMPLE | E32: =IF(G32="","NO CUMPLE","CUMPLE") -> NO CUMPLE | F32: =IF(AND(C32="CUMPLE",D32="CUMPLE",E32="CUMPLE"),"HABILITADO","NO HABILITADO") -> NO HABILITADO | G32: =+'EXPERIENCIA DEL PROPONENTE'!O140
A33: 25 | B33: NOGAALL-LITORAL | C33: CUMPLE | D33: CUMPLE | E33: =IF(G33="","NO CUMPLE","CUMPLE") -> NO CUMPLE | F33: =IF(AND(C33="CUMPLE",D33="CUMPLE",E33="CUMPLE"),"HABILITADO","NO HABILITADO") -> NO HABILITADO | G33: =+'EXPERIENCIA DEL PROPONENTE'!O145
A34: 26 | B34: GEVIAL SAS | C34: CUMPLE | D34: CUMPLE | E34: =IF(G34="","NO CUMPLE","CUMPLE") -> CUMPLE | F34: =IF(AND(C34="CUMPLE",D34="CUMPLE",E34="CUMPLE"),"HABILITADO","NO HABILITADO") -> HABILITADO | G34: =+'EXPERIENCIA DEL PROPONENTE'!O150 -> 1241.7393 | H34: =ABS(G34-$G$106) -> 21.608006 | I34: =67.5*(1-H34/$G$106) -> 66.304604 | J34: 10 | K34: 1 | L34: 20 | M34: 1 | N34: 0 | O34: 0.25 | P34: =SUM(I34:O34) -> 98.554604 | Q34: EMPRENDIMIENTO Y EMPRESAS DE MUJERES. NO PRESENTA CERTIFICACION EXPEDIDA POR REPRESENTANTE LEGAL Y REVISOR FISCAL. NO SUBSANABLE.
A35: 27 | B35: CONSORCIO AYG ENGATIVA 275 | C35: CUMPLE | D35: CUMPLE | E35: =IF(G35="","NO CUMPLE","CUMPLE") -> CUMPLE | F35: =IF(AND(C35="CUMPLE",D35="CUMPLE",E35="CUMPLE"),"HABILITADO","NO HABILITADO") -> HABILITADO | G35: =+'EXPERIENCIA DEL PROPONENTE'!O155 -> 1147.9393 | H35: =ABS(G35-$G$106) -> 72.192024 | I35: =67.5*(1-H35/$G$106) -> 63.506199 | J35: 10 | K35: 1 | L35: 20 | M35: 1 | N35: 0.25 | O35: 0.25 | P35: =SUM(I35:O35) -> 96.006199
A36: 28 | B36: VELNEC SA | C36: CUMPLE | D36: CUMPLE | E36: =IF(G36="","NO CUMPLE","CUMPLE") -> NO CUMPLE | F36: =IF(AND(C36="CUMPLE",D36="CUMPLE",E36="CUMPLE"),"HABILITADO","NO HABILITADO") -> NO HABILITADO
A37: 29 | B37: CONSORCIO ROMA | C37: CUMPLE | D37: NO CUMPLE | E37: =IF(G37="","NO CUMPLE","CUMPLE") -> NO CUMPLE | F37: =IF(AND(C37="CUMPLE",D37="CUMPLE",E37="CUMPLE"),"HABILITADO","NO HABILITADO") -> NO HABILITADO | G37: =+'EXPERIENCIA DEL PROPONENTE'!O166 | Q37: EMPRENDIMIENTO Y EMPRESAS DE MUJERES. NO PRESENTA CERTIFICACION EXPEDIDA POR REPRESENTANTE LEGAL Y REVISOR FISCAL. NO SUBSANABLE.
A38: 30 | B38: CONSORCIO INTERVIAS 100 | C38: CUMPLE | D38: NO CUMPLE | E38: =IF(G38="","NO CUMPLE","CUMPLE") -> NO CUMPLE | F38: =IF(AND(C38="CUMPLE",D38="CUMPLE",E38="CUMPLE"),"HABILITADO","NO HABILITADO") -> NO HABILITADO | G38: =+'EXPERIENCIA DEL PROPONENTE'!O172 | Q38: NO PRESENTA CERTIFICADO DE VINCULACION DE DISCAPACITADOS NO SUBSANABLE EMPRENDIMIENTO Y EMPRESAS DE MUJERES. NO PRESENTA CERTIFICACION EXPEDIDA POR REPRESENTANTE LEGAL Y REVISOR FISCAL. NO SUBSANABLE.
A39: 31 | B39: CONSORCIO INTERVIAL 275 CB | C39: CUMPLE | D39: CUMPLE | E39: =IF(G39="","NO CUMPLE","CUMPLE") -> NO CUMPLE | F39: =IF(AND(C39="CUMPLE",D39="CUMPLE",E39="CUMPLE"),"HABILITADO","NO HABILITADO") -> NO HABILITADO | G39: =+'EXPERIENCIA DEL PROPONENTE'!O177 | Q39: NO ES VALIDA LA ACREDITACIÓN APORTADA "FORMATO 6 — B&C SA, VINCULACIÓN DE PERSONAS EN CONDICIÓN DE DISCAPACIDAD" DEBIÓ SER PRESENTADA POR EL INTEGRANTE CONSTRUCCIONES SINAI S.A.S, EN CUMPLIMIENTO A LO DISPUESTO EN EL ARTICULO 2.2.1.2.4.2.6 DEL DECRETO 1082 DE 2015 PARAGRAFO : "si la oferta es presentada por un consorcio, unión temporal o promesa de sociedad futura, se tendrá en cuenta la planta de personal del integrante del proponente plural que aporte como mínimo el cuarenta por ciento (40%) de la experiencia requerida para la respectiva contratación." NO SUBSANABLE.
A40: 32 | B40: SAVIMAC SAS | C40: CUMPLE | D40: CUMPLE | E40: =IF(G40="","NO CUMPLE","CUMPLE") -> CUMPLE | F40: =IF(AND(C40="CUMPLE",D40="CUMPLE",E40="CUMPLE"),"HABILITADO","NO HABILITADO") -> HABILITADO | G40: =+'EXPERIENCIA DEL PROPONENTE'!O182 -> 1208.756 | H40: =ABS(G40-$G$106) -> 11.375286 | I40: 67.5 | J40: 10 | K40: 1 | L40: 20 | M40: 1 | N40: 0.25 | O40: 0.25 | P40: =SUM(I40:O40) -> 100
A41: 33 | B41: CONSORCIO INTERCOLOMBIA | C41: CUMPLE | D41: CUMPLE | E41: =IF(G41="","NO CUMPLE","CUMPLE") -> NO CUMPLE | F41: =IF(AND(C41="CUMPLE",D41="CUMPLE",E41="CUMPLE"),"HABILITADO","NO HABILITADO") -> NO HABILITADO
A42: 34 | B42: NORBERTO BAYONA ESPICIA | C42: CUMPLE | D42: CUMPLE | E42: =IF(G42="","NO CUMPLE","CUMPLE") -> NO CUMPLE | F42: =IF(AND(C42="CUMPLE",D42="CUMPLE",E42="CUMPLE"),"HABILITADO","NO HABILITADO") -> NO HABILITADO | Q42: EMPRENDIMIENTO Y EMPRESAS DE MUJERES. NO PRESENTA CERTIFICACION EXPEDIDA POR REPRESENTANTE LEGAL Y REVISOR FISCAL. NO SUBSANABLE.
A43: 35 | B43: PIV INGENIERIA SAS | C43: CUMPLE | D43: CUMPLE | E43: =IF(G43="","NO CUMPLE","CUMPLE") -> NO CUMPLE | F43: =IF(AND(C43="CUMPLE",D43="CUMPLE",E43="CUMPLE"),"HABILITADO","NO HABILITADO") -> NO HABILITADO
A44: 36 | B44: CONSORCIO MAB 2 | C44: CUMPLE | D44: CUMPLE | E44: =IF(G44="","NO CUMPLE","CUMPLE") -> NO CUMPLE | F44: =IF(AND(C44="CUMPLE",D44="CUMPLE",E44="CUMPLE"),"HABILITADO","NO HABILITADO") -> NO HABILITADO
A45: 37 | B45: CONSULTORES DONOVAN SAS | C45: CUMPLE | D45: CUMPLE | E45: =IF(G45="","NO CUMPLE","CUMPLE") -> CUMPLE | F45: =IF(AND(C45="CUMPLE",D45="CUMPLE",E45="CUMPLE"),"HABILITADO","NO HABILITADO") -> HABILITADO | G45: =+'EXPERIENCIA DEL PROPONENTE'!O213 -> 713.76667 | H45: =ABS(G45-$G$106) -> 506.36465 | I45: =67.5*(1-H45/$G$106) -> 39.486938 | J45: 10 | K45: 1 | L45: 20 | M45: 1 | N45: 0.25 | O45: 0.25 | P45: =SUM(I45:O45) -> 71.986938
A46: 38 | B46: ALFA INGENIERIA INTEGRAL SAS | C46: CUMPLE | D46: CUMPLE | E46: =IF(G46="","NO CUMPLE","CUMPLE") -> NO CUMPLE | F46: =IF(AND(C46="CUMPLE",D46="CUMPLE",E46="CUMPLE"),"HABILITADO","NO HABILITADO") -> NO HABILITADO | Q46: EMPRENDIMIENTO Y EMPRESAS DE MUJERES. NO PRESENTA CERTIFICACION EXPEDIDA POR REPRESENTANTE LEGAL Y REVISOR FISCAL. NO SUBSANABLE.
A47: 39 | B47: CONSORCIO ODESSA | C47: CUMPLE | D47: CUMPLE | E47: =IF(G47="","NO CUMPLE","CUMPLE") -> NO CUMPLE | F47: =IF(AND(C47="CUMPLE",D47="CUMPLE",E47="CUMPLE"),"HABILITADO","NO HABILITADO") -> NO HABILITADO
A48: 40 | B48: INTERPROYECT MY SAS | C48: CUMPLE | D48: CUMPLE | E48: =IF(G48="","NO CUMPLE","CUMPLE") -> NO CUMPLE | F48: =IF(AND(C48="CUMPLE",D48="CUMPLE",E48="CUMPLE"),"HABILITADO","NO HABILITADO") -> NO HABILITADO
A49: 41 | B49: CS ENGATIVA AJ 2023 | C49: CUMPLE | D49: CUMPLE | E49: =IF(G49="","NO CUMPLE","CUMPLE") -> NO CUMPLE | F49: =IF(AND(C49="CUMPLE",D49="CUMPLE",E49="CUMPLE"),"HABILITADO","NO HABILITADO") -> NO HABILITADO
A50: 42 | B50: CONSORCIO INTERENGATIVA | C50: CUMPLE | D50: CUMPLE | E50: =IF(G50="","NO CUMPLE","CUMPLE") -> CUMPLE | F50: =IF(AND(C50="CUMPLE",D50="CUMPLE",E50="CUMPLE"),"HABILITADO","NO HABILITADO") -> HABILITADO | G50: =+'EXPERIENCIA DEL PROPONENTE'!O241 -> 1156.6547 | H50: =ABS(G50-$G$106) -> 63.476627 | I50: =67.5*(1-H50/$G$106) -> 63.988351 | J50: 10 | K50: 1 | L50: 20 | M50: 1 | N50: 0.25 | O50: 0.25 | P50: =SUM(I50:O50) -> 96.488351
A51: 43 | B51: GOMYSIL CONSTRUCCIONES SAS | C51: CUMPLE | D51: CUMPLE | E51: =IF(G51="","NO CUMPLE","CUMPLE") -> NO CUMPLE | F51: =IF(AND(C51="CUMPLE",D51="CUMPLE",E51="CUMPLE"),"HABILITADO","NO HABILITADO") -> NO HABILITADO
A52: 44 | B52: TERRA IC SAS | C52: CUMPLE | D52: CUMPLE | E52: =IF(G52="","NO CUMPLE","CUMPLE") -> NO CUMPLE | F52: =IF(AND(C52="CUMPLE",D52="CUMPLE",E52="CUMPLE"),"HABILITADO","NO HABILITADO") -> NO HABILITADO
A53: 45 | B53: CONSORCIO INFRASOLUCIONES | C53: CUMPLE | D53: CUMPLE | E53: =IF(G53="","NO CUMPLE","CUMPLE") -> NO CUMPLE | F53: =IF(AND(C53="CUMPLE",D53="CUMPLE",E53="CUMPLE"),"HABILITADO","NO HABILITADO") -> NO HABILITADO
A54: 46 | B54: CONSORCIO INTERTP | C54: CUMPLE | D54: CUMPLE | E54: =IF(G54="","NO CUMPLE","CUMPLE") -> CUMPLE | F54: =IF(AND(C54="CUMPLE",D54="CUMPLE",E54="CUMPLE"),"HABILITADO","NO HABILITADO") -> HABILITADO | G54: =+'EXPERIENCIA DEL PROPONENTE'!O262 -> 1534.7975 | H54: =ABS(G54-$G$106) -> 314.66614 | I54: =67.5*(1-H54/$G$106) -> 50.092067 | J54: 10 | K54: 1 | L54: 20 | M54: 1 | N54: 0.25 | O54: 0.25 | P54: =SUM(I54:O54) -> 82.592067
A55: 47 | B55: GAVINCO INGENIEROS CONSULTORES SAS | C55: CUMPLE | D55: CUMPLE | E55: =IF(G55="","NO CUMPLE","CUMPLE") -> NO CUMPLE | F55: =IF(AND(C55="CUMPLE",D55="CUMPLE",E55="CUMPLE"),"HABILITADO","NO HABILITADO") -> NO HABILITADO | G55: =+'EXPERIENCIA DEL PROPONENTE'!O270
A56: 48 | B56: CONSORCIO INTERVENTOR PROES- GESPIN | C56: CUMPLE | D56: CUMPLE | E56: =IF(G56="","NO CUMPLE","CUMPLE") -> NO CUMPLE | F56: =IF(AND(C56="CUMPLE",D56="CUMPLE",E56="CUMPLE"),"HABILITADO","NO HABILITADO") -> NO HABILITADO | G56: =+'EXPERIENCIA DEL PROPONENTE'!O275
A57: 49 | B57: GS VIAS Y ESTRUCTURAS | C57: CUMPLE | D57: CUMPLE | E57: =IF(G57="","NO CUMPLE","CUMPLE") -> NO CUMPLE | F57: =IF(AND(C57="CUMPLE",D57="CUMPLE",E57="CUMPLE"),"HABILITADO","NO HABILITADO") -> NO HABILITADO | G57: =+'EXPERIENCIA DEL PROPONENTE'!O280
A58: 50 | B58: PROYECTISTAS ASOCIADOS SAS | C58: CUMPLE | D58: CUMPLE | E58: =IF(G58="","NO CUMPLE","CUMPLE") -> NO CUMPLE | F58: =IF(AND(C58="CUMPLE",D58="CUMPLE",E58="CUMPLE"),"HABILITADO","NO HABILITADO") -> NO HABILITADO
A59: 51 | B59: CONSORCIO INTERVIAS | C59: CUMPLE | D59: CUMPLE | E59: =IF(G59="","NO CUMPLE","CUMPLE") -> NO CUMPLE | F59: =IF(AND(C59="CUMPLE",D59="CUMPLE",E59="CUMPLE"),"HABILITADO","NO HABILITADO") -> NO HABILITADO | G59: =+'EXPERIENCIA DEL PROPONENTE'!O290
A60: 52 | B60: GRUCOING SAS | C60: CUMPLE | D60: CUMPLE | E60: =IF(G60="","NO CUMPLE","CUMPLE") -> NO CUMPLE | F60: =IF(AND(C60="CUMPLE",D60="CUMPLE",E60="CUMPLE"),"HABILITADO","NO HABILITADO") -> NO HABILITADO | G60: =+'EXPERIENCIA DEL PROPONENTE'!O295
A61: 53 | B61: CONSORCIO INGENIERIA LAM | C61: CUMPLE | D61: CUMPLE | E61: =IF(G61="","NO CUMPLE","CUMPLE") -> NO CUMPLE | F61: =IF(AND(C61="CUMPLE",D61="CUMPLE",E61="CUMPLE"),"HABILITADO","NO HABILITADO") -> NO HABILITADO | G61: =+'EXPERIENCIA DEL PROPONENTE'!O300 | U61: Cierre: | V61: 44988
A62: 54 | B62: CONSORCIO SOLUCIONES EN INGENIERIA SC | C62: CUMPLE | D62: CUMPLE | E62: =IF(G62="","NO CUMPLE","CUMPLE") -> NO CUMPLE | F62: =IF(AND(C62="CUMPLE",D62="CUMPLE",E62="CUMPLE"),"HABILITADO","NO HABILITADO") -> NO HABILITADO | U62: 2o día habil después del cierre: | V62: 44992
A63: 55 | B63: UMBRELA INTERNACIONAL SAS | C63: CUMPLE | D63: CUMPLE | E63: =IF(G63="","NO CUMPLE","CUMPLE") -> CUMPLE | F63: =IF(AND(C63="CUMPLE",D63="CUMPLE",E63="CUMPLE"),"HABILITADO","NO HABILITADO") -> HABILITADO | G63: =+'EXPERIENCIA DEL PROPONENTE'!O313 -> 785.87271 | H63: =ABS(G63-$G$106) -> 434.25861 | I63: =67.5*(1-H63/$G$106) -> 43.475983 | J63: 10 | K63: 1 | L63: 20 | M63: 1 | N63: 0.25 | O63: 0.25 | P63: =SUM(I63:O63) -> 75.975983
A64: 56 | B64: CONSORCIO VIAL CG | C64: CUMPLE | D64: CUMPLE | E64: =IF(G64="","NO CUMPLE","CUMPLE") -> CUMPLE | F64: =IF(AND(C64="CUMPLE",D64="CUMPLE",E64="CUMPLE"),"HABILITADO","NO HABILITADO") -> HABILITADO | G64: =+'EXPERIENCIA DEL PROPONENTE'!O318 -> 1588.5357 | H64: =ABS(G64-$G$106) -> 368.40442 | I64: =67.5*(1-H64/$G$106) -> 47.119162 | J64: 10 | K64: 1 | L64: 20 | M64: 1 | N64: 0.25 | O64: 0.25 | P64: =SUM(I64:O64) -> 79.619162
A65: 57 | B65: JASA 2023 | C65: CUMPLE | D65: CUMPLE | E65: =IF(G65="","NO CUMPLE","CUMPLE") -> NO CUMPLE | F65: =IF(AND(C65="CUMPLE",D65="CUMPLE",E65="CUMPLE"),"HABILITADO","NO HABILITADO") -> NO HABILITADO | Q65: NO ES VALIDA LA ACREDITACIÓN APORTADA "FORMATO 6 — JJAB SAS, VINCULACIÓN DE PERSONAS EN CONDICIÓN DE DISCAPACIDAD" DEBIÓ SER PRESENTADA POR EL INTEGRANTE CONSTRUCCIONES SINAI S.A.S, EN CUMPLIMIENTO A LO DISPUESTO EN EL ARTICULO 2.2.1.2.4.2.6 DEL DECRETO 1082 DE 2015 PARAGRAFO : "si la oferta es presentada por un consorcio, unión temporal o promesa de sociedad futura, se tendrá en cuenta la planta de personal del integrante del proponente plural que aporte como mínimo el cuarenta por ciento (40%) de la experiencia requerida para la respectiva contratación." | U65: TRM:
A66: 58 | B66: SOTA LTDA | C66: CUMPLE | D66: CUMPLE | E66: =IF(G66="","NO CUMPLE","CUMPLE") -> NO CUMPLE | F66: =IF(AND(C66="CUMPLE",D66="CUMPLE",E66="CUMPLE"),"HABILITADO","NO HABILITADO") -> NO HABILITADO | Q66: NO APLICA PARA EMPRENDIMIENTO Y EMPRESAS DE MUJERES -FORMATO 13- NO SUBSANABLE
A67: 59 | B67: CONSORCIO INTER ARSEG 275 | C67: CUMPLE | D67: CUMPLE | E67: =IF(G67="","NO CUMPLE","CUMPLE") -> CUMPLE | F67: =IF(AND(C67="CUMPLE",D67="CUMPLE",E67="CUMPLE"),"HABILITADO","NO HABILITADO") -> HABILITADO | G67: =+'EXPERIENCIA DEL PROPONENTE'!O333 -> 1326.8266 | H67: =ABS(G67-$G$106) -> 106.69524 | I67: =67.5*(1-H67/$G$106) -> 61.597415 | J67: 10 | K67: 1 | L67: 20 | M67: 0 | N67: 0.25 | O67: 0.25 | P67: =SUM(I67:O67) -> 93.097415 | Q67: NO PRESENTA FORMATO NI CERTIFICADO DE VINCULACION DE DISCAPACITADOS NO SUBSANABLE
A68: 60 | B68: CONSORCIO MT 2023 ENGATIVA | C68: CUMPLE | D68: CUMPLE | E68: =IF(G68="","NO CUMPLE","CUMPLE") -> NO CUMPLE | F68: =IF(AND(C68="CUMPLE",D68="CUMPLE",E68="CUMPLE"),"HABILITADO","NO HABILITADO") -> NO HABILITADO | Q68: NO PRESENTA FORMATO EMPRENDIMIENTO Y EMPRESAS DE MUJERES. NI SOPORTES-NO SUBSANABLE
A69: 61 | B69: CONSULTORIA VIAL SAS | C69: CUMPLE | D69: NO CUMPLE | E69: =IF(G69="","NO CUMPLE","CUMPLE") -> NO CUMPLE | F69: =IF(AND(C69="CUMPLE",D69="CUMPLE",E69="CUMPLE"),"HABILITADO","NO HABILITADO") -> NO HABILITADO | Q69: EMPRENDIMIENTO Y EMPRESAS DE MUJERES. NO PRESENTA CERTIFICACION EXPEDIDA POR REPRESENTANTE LEGAL Y REVISOR FISCAL. NO SUBSANABLE.
A70: 62 | B70: INFRAESTRUCTURA VIAL FDLE-CMA-275-2023 | C70: CUMPLE | D70: CUMPLE | E70: =IF(G70="","NO CUMPLE","CUMPLE") -> NO CUMPLE | F70: =IF(AND(C70="CUMPLE",D70="CUMPLE",E70="CUMPLE"),"HABILITADO","NO HABILITADO") -> NO HABILITADO | Q70: EMPRENDIMIENTO Y EMPRESAS DE MUJERES. NO PRESENTA CERTIFICACION EXPEDIDA POR REPRESENTANTE LEGAL Y REVISOR FISCAL. NO SUBSANABLE.
A71: 63 | B71: CONSORCIO COMAAK | C71: CUMPLE | D71: CUMPLE | E71: =IF(G71="","NO CUMPLE","CUMPLE") -> NO CUMPLE | F71: =IF(AND(C71="CUMPLE",D71="CUMPLE",E71="CUMPLE"),"HABILITADO","NO HABILITADO") -> NO HABILITADO | Q71: EMPRENDIMIENTO Y EMPRESAS DE MUJERES. NO PRESENTA CERTIFICACION EXPEDIDA POR REPRESENTANTE LEGAL Y REVISOR FISCAL. NO SUBSANABLE.
A72: 64 | B72: OSWALDO GUTIERREZ | C72: CUMPLE | D72: CUMPLE | E72: =IF(G72="","NO CUMPLE","CUMPLE") -> NO CUMPLE | F72: =IF(AND(C72="CUMPLE",D72="CUMPLE",E72="CUMPLE"),"HABILITADO","NO HABILITADO") -> NO HABILITADO | Q72: EMPRENDIMIENTO Y EMPRESAS DE MUJERES. NO PRESENTA CERTIFICACION EXPEDIDA POR REPRESENTANTE LEGAL Y REVISOR FISCAL. NO SUBSANABLE.
A73: 65 | B73: CONSORCIO JGL | C73: CUMPLE | D73: CUMPLE | E73: CUMPLE | F73: =IF(AND(C73="CUMPLE",D73="CUMPLE",E73="CUMPLE"),"HABILITADO","NO HABILITADO") -> HABILITADO | I73: 0 | J73: 10 | K73: 1 | L73: 20 | M73: 1 | N73: 0.25 | O73: 0.25 | P73: =SUM(I73:O73) -> 32.5 | Q73: NO SE OTORGA PUNTAJE POR EXPERIENCIA YA QUE ESTA FUE VALIDADA ÚNICAMENTE COMO REQUISITO HABILITANTE YA QUE FUE OBJETO DE SUBSANACIÓN CON DOCUMENTOS ADICIONALES A LOS APORTADOS EN LA PROPUESTA.
A74: 66 | B74: CONSORCIO KALROY ENGATIVA 275 | C74: CUMPLE | D74: CUMPLE | E74: =IF(G74="","NO CUMPLE","CUMPLE") -> NO CUMPLE | F74: =IF(AND(C74="CUMPLE",D74="CUMPLE",E74="CUMPLE"),"HABILITADO","NO HABILITADO") -> NO HABILITADO
A75: 67 | B75: CONSORCIO INTERDISEÑOS ENGATIVA | C75: CUMPLE | D75: CUMPLE | E75: =IF(G75="","NO CUMPLE","CUMPLE") -> NO CUMPLE | F75: =IF(AND(C75="CUMPLE",D75="CUMPLE",E75="CUMPLE"),"HABILITADO","NO HABILITADO") -> NO HABILITADO
A76: 68 | B76: CONSORCIO INTER JSK | C76: CUMPLE | D76: CUMPLE | E76: =IF(G76="","NO CUMPLE","CUMPLE") -> CUMPLE | F76: =IF(AND(C76="CUMPLE",D76="CUMPLE",E76="CUMPLE"),"HABILITADO","NO HABILITADO") -> HABILITADO | G76: =+'EXPERIENCIA DEL PROPONENTE'!O386 -> 1306.445 | H76: =ABS(G76-$G$106) -> 86.313686 | I76: =67.5*(1-H76/$G$106) -> 62.724962 | J76: 10 | K76: 1 | L76: 20 | M76: 1 | N76: 0 | O76: 0 | P76: =SUM(I76:O76) -> 94.724962 | Q76: EMPRENDIMIENTO Y EMPRESAS DE MUJERES. PRESENTA FORMATO SIN SOPORTES- NO SUBSANABLE.
A77: 69 | B77: CONSORCIO INTEROBRAS | C77: CUMPLE | D77: CUMPLE | E77: CUMPLE | F77: =IF(AND(C77="CUMPLE",D77="CUMPLE",E77="CUMPLE"),"HABILITADO","NO HABILITADO") -> HABILITADO | I77: 0 | J77: 10 | K77: 1 | L77: 20 | M77: 1 | N77: 0.25 | O77: 0.25 | P77: =SUM(I77:O77) -> 32.5 | Q77: NO SE OTORGA PUNTAJE POR EXPERIENCIA YA QUE ESTA FUE VALIDADA ÚNICAMENTE COMO REQUISITO HABILITANTE YA QUE FUE OBJETO DE SUBSANACIÓN CON DOCUMENTOS ADICIONALES A LOS APORTADOS EN LA PROPUESTA. | U77: FÓRMULA A APLICAR: | V77: Media geométrica
A78: 70 | B78: INGCON SA SAS | C78: CUMPLE | D78: CUMPLE | E78: =IF(G78="","NO CUMPLE","CUMPLE") -> NO CUMPLE | F78: =IF(AND(C78="CUMPLE",D78="CUMPLE",E78="CUMPLE"),"HABILITADO","NO HABILITADO") -> NO HABILITADO
A79: 71 | B79: CONSORCIO MALLA VIAL RP | C79: CUMPLE | D79: CUMPLE | E79: =IF(G79="","NO CUMPLE","CUMPLE") -> NO CUMPLE | F79: =IF(AND(C79="CUMPLE",D79="CUMPLE",E79="CUMPLE"),"HABILITADO","NO HABILITADO") -> NO HABILITADO | Q79: EMPRENDIMIENTO Y EMPRESAS DE MUJERES. NO PRESENTA FORMATO NI SOPORTES- NO SUBSANABLE NO PRESENTA FORMATO MIPYME NI SOPORTES- NO SUBSANABLE
A80: 72 | B80: CONSOR4CIO ALIANZA VIAL | C80: CUMPLE | D80: CUMPLE | E80: =IF(G80="","NO CUMPLE","CUMPLE") -> CUMPLE | F80: =IF(AND(C80="CUMPLE",D80="CUMPLE",E80="CUMPLE"),"HABILITADO","NO HABILITADO") -> HABILITADO | G80: =+'EXPERIENCIA DEL PROPONENTE'!O408 -> 1488.3905 | H80: =ABS(G80-$G$106) -> 268.25922 | I80: =67.5*(1-H80/$G$106) -> 52.659386 | J80: 10 | K80: 1 | L80: 20 | M80: 1 | N80: 0.25 | O80: 0.25 | P80: =SUM(I80:O80) -> 85.159386
A81: 73 | B81: KATUN | C81: CUMPLE | D81: CUMPLE | E81: =IF(G81="","NO CUMPLE","CUMPLE") -> CUMPLE | F81: =IF(AND(C81="CUMPLE",D81="CUMPLE",E81="CUMPLE"),"HABILITADO","NO HABILITADO") -> HABILITADO | G81: =+'EXPERIENCIA DEL PROPONENTE'!O413 -> 1802.1513 | H81: =ABS(G81-$G$106) -> 582.02003 | I81: =67.5*(1-H81/$G$106) -> 35.301538 | J81: 10 | K81: 1 | L81: 20 | M81: 1 | N81: 0.25 | O81: 0.25 | P81: =SUM(I81:O81) -> 67.801538
A82: 74 | B82: CONSORCIO GAB PUENTES 2023 | C82: CUMPLE | D82: CUMPLE | E82: =IF(G82="","NO CUMPLE","CUMPLE") -> CUMPLE | F82: =IF(AND(C82="CUMPLE",D82="CUMPLE",E82="CUMPLE"),"HABILITADO","NO HABILITADO") -> HABILITADO | G82: =+'EXPERIENCIA DEL PROPONENTE'!O418 -> 1541.4372 | H82: =ABS(G82-$G$106) -> 321.30586 | I82: =67.5*(1-H82/$G$106) -> 49.724745 | J82: 10 | K82: 1 | L82: 20 | M82: 1 | N82: 0.25 | O82: 0.25 | P82: =SUM(I82:O82) -> 82.224745
A83: 75 | B83: ENG 23 | C83: CUMPLE | D83: CUMPLE | E83: =IF(G83="","NO CUMPLE","CUMPLE") -> CUMPLE | F83: =IF(AND(C83="CUMPLE",D83="CUMPLE",E83="CUMPLE"),"HABILITADO","NO HABILITADO") -> HABILITADO | G83: =+'EXPERIENCIA DEL PROPONENTE'!O423 -> 1443.4792 | H83: =ABS(G83-$G$106) -> 223.34784 | I83: =67.5*(1-H83/$G$106) -> 55.14397 | J83: 10 | K83: 1 | L83: 20 | M83: 1 | N83: 0.25 | O83: 0.25 | P83: =SUM(I83:O83) -> 87.64397
A84: 76 | B84: MARIO GIL CARDONA | C84: CUMPLE | D84: CUMPLE | E84: =IF(G84="","NO CUMPLE","CUMPLE") -> NO CUMPLE | F84: =IF(AND(C84="CUMPLE",D84="CUMPLE",E84="CUMPLE"),"HABILITADO","NO HABILITADO") -> NO HABILITADO | Q84: NO APLICA -EMPRENDIMIENTO Y EMPRESAS DE MUJERES. NO SUBSANABLE
A85: 77 | B85: INGEVAL SAS | C85: CUMPLE | D85: CUMPLE | E85: =IF(G85="","NO CUMPLE","CUMPLE") -> NO CUMPLE | F85: =IF(AND(C85="CUMPLE",D85="CUMPLE",E85="CUMPLE"),"HABILITADO","NO HABILITADO") -> NO HABILITADO | G85: =+'EXPERIENCIA DEL PROPONENTE'!O434
A86: 78 | B86: TECNUMEC SAS | C86: CUMPLE | D86: CUMPLE | E86: =IF(G86="","NO CUMPLE","CUMPLE") -> CUMPLE | F86: =IF(AND(C86="CUMPLE",D86="CUMPLE",E86="CUMPLE"),"HABILITADO","NO HABILITADO") -> HABILITADO | G86: =+'EXPERIENCIA DEL PROPONENTE'!O441 -> 1455.9203 | H86: =ABS(G86-$G$106) -> 235.78897 | I86: =67.5*(1-H86/$G$106) -> 54.455703 | J86: 10 | K86: 1 | L86: 20 | M86: 1 | N86: 0.25 | O86: 0.25 | P86: =SUM(I86:O86) -> 86.955703
A87: 79 | B87: UT INTERVIAS | C87: CUMPLE | D87: CUMPLE | E87: =IF(G87="","NO CUMPLE","CUMPLE") -> NO CUMPLE | F87: =IF(AND(C87="CUMPLE",D87="CUMPLE",E87="CUMPLE"),"HABILITADO","NO HABILITADO") -> NO HABILITADO | G87: =+'EXPERIENCIA DEL PROPONENTE'!O446
A88: 80 | B88: DAM SOLUCIONES E INGENIERIA SAS | C88: CUMPLE | D88: NO CUMPLE | E88: =IF(G88="","NO CUMPLE","CUMPLE") -> NO CUMPLE | F88: =IF(AND(C88="CUMPLE",D88="CUMPLE",E88="CUMPLE"),"HABILITADO","NO HABILITADO") -> NO HABILITADO
A89: 81 | B89: EPSILON ENGATIVA | C89: CUMPLE | D89: CUMPLE | E89: =IF(G89="","NO CUMPLE","CUMPLE") -> CUMPLE | F89: =IF(AND(C89="CUMPLE",D89="CUMPLE",E89="CUMPLE"),"HABILITADO","NO HABILITADO") -> HABILITADO | G89: =+'EXPERIENCIA DEL PROPONENTE'!O458 -> 1273.5213 | H89: =ABS(G89-$G$106) -> 53.390012 | I89: =67.5*(1-H89/$G$106) -> 64.546362 | J89: 10 | K89: 1 | L89: 20 | M89: 1 | N89: 0.25 | O89: 0.25 | P89: =SUM(I89:O89) -> 97.046362
A90: 82 | B90: CONSORCIO INTERBOGOTA | C90: CUMPLE | D90: NO CUMPLE | E90: =IF(G90="","NO CUMPLE","CUMPLE") -> NO CUMPLE | F90: =IF(AND(C90="CUMPLE",D90="CUMPLE",E90="CUMPLE"),"HABILITADO","NO HABILITADO") -> NO HABILITADO | G90: =+'EXPERIENCIA DEL PROPONENTE'!O463 | J90: 10 | K90: 1 | L90: 20 | M90: 1 | N90: 0.25 | O90: 0.25 | P90: =SUM(I90:O90) -> 32.5
A91: 83 | B91: INTERVENTORIA Y CONSTRUCIVILES SAS | C91: CUMPLE | D91: CUMPLE | E91: =IF(G91="","NO CUMPLE","CUMPLE") -> CUMPLE | F91: =IF(AND(C91="CUMPLE",D91="CUMPLE",E91="CUMPLE"),"HABILITADO","NO HABILITADO") -> HABILITADO | G91: =+'EXPERIENCIA DEL PROPONENTE'!O468 -> 730.84283 | H91: =ABS(G91-$G$106) -> 489.28848 | I91: =67.5*(1-H91/$G$106) -> 40.431624 | J91: 10 | K91: 1 | L91: 20 | M91: 1 | N91: 0 | O91: 0.25 | P91: =SUM(I91:O91) -> 72.681624 | Q91: NO PRESENTA FORMATO EMPRENDIMIENTO Y EMPRESAS DE MUJERES. NI SOPORTES-NO SUBSANABLE
A92: 84 | B92: CONSORCIO CIV | C92: CUMPLE | D92: CUMPLE | E92: =IF(G92="","NO CUMPLE","CUMPLE") -> CUMPLE | F92: =IF(AND(C92="CUMPLE",D92="CUMPLE",E92="CUMPLE"),"HABILITADO","NO HABILITADO") -> HABILITADO | G92: =+'EXPERIENCIA DEL PROPONENTE'!O474 -> 2613.1995 | H92: =ABS(G92-$G$106) -> 1393.0681 | I92: 0 | J92: 10 | K92: 1 | L92: 20 | M92: 1 | N92: 0.25 | O92: 0.25 | P92: =SUM(I92:O92) -> 32.5
A93: 85 | B93: CONSORCIO TECNOLOGICO | C93: CUMPLE | D93: CUMPLE | E93: =IF(G93="","NO CUMPLE","CUMPLE") -> NO CUMPLE | F93: =IF(AND(C93="CUMPLE",D93="CUMPLE",E93="CUMPLE"),"HABILITADO","NO HABILITADO") -> NO HABILITADO | Q93: NO PRESENTA FORMATO EMPRENDIMIENTO Y EMPRESAS DE MUJERES. NI SOPORTES-NO SUBSANABLE
A94: 86 | B94: GNG SERVICIOS DE INGENIERA SAS | C94: CUMPLE | D94: CUMPLE | E94: =IF(G94="","NO CUMPLE","CUMPLE") -> NO CUMPLE | F94: =IF(AND(C94="CUMPLE",D94="CUMPLE",E94="CUMPLE"),"HABILITADO","NO HABILITADO") -> NO HABILITADO
A95: 87 | B95: CELQO SAS | C95: CUMPLE | D95: CUMPLE | E95: =IF(G95="","NO CUMPLE","CUMPLE") -> NO CUMPLE | F95: =IF(AND(C95="CUMPLE",D95="CUMPLE",E95="CUMPLE"),"HABILITADO","NO HABILITADO") -> NO HABILITADO
A96: 88 | B96: CB INGENIEROS SAS | C96: CUMPLE | D96: CUMPLE | E96: =IF(G96="","NO CUMPLE","CUMPLE") -> NO CUMPLE | F96: =IF(AND(C96="CUMPLE",D96="CUMPLE",E96="CUMPLE"),"HABILITADO","NO HABILITADO") -> NO HABILITADO
A97: 89 | B97: CONSORCIO DG-IV | C97: CUMPLE | D97: CUMPLE | E97: =IF(G97="","NO CUMPLE","CUMPLE") -> NO CUMPLE | F97: =IF(AND(C97="CUMPLE",D97="CUMPLE",E97="CUMPLE"),"HABILITADO","NO HABILITADO") -> NO HABILITADO
A98: 90 | B98: BIC JOYCO SAS | C98: CUMPLE | D98: CUMPLE | E98: =IF(G98="","NO CUMPLE","CUMPLE") -> NO CUMPLE | F98: =IF(AND(C98="CUMPLE",D98="CUMPLE",E98="CUMPLE"),"HABILITADO","NO HABILITADO") -> NO HABILITADO | Q98: NO PRESENTA FORMATO MIPYME- NO SUBSANABLE
A99: 91 | B99: CONSORCIO INTERVIAL ENGATIVA 275 | C99: CUMPLE | D99: CUMPLE | E99: =IF(G99="","NO CUMPLE","CUMPLE") -> NO CUMPLE | F99: =IF(AND(C99="CUMPLE",D99="CUMPLE",E99="CUMPLE"),"HABILITADO","NO HABILITADO") -> NO HABILITADO | G99: =+'EXPERIENCIA DEL PROPONENTE'!O512
A100: 92 | B100: COINZA ING SAS | C100: CUMPLE | D100: CUMPLE | E100: =IF(G100="","NO CUMPLE","CUMPLE") -> NO CUMPLE | F100: =IF(AND(C100="CUMPLE",D100="CUMPLE",E100="CUMPLE"),"HABILITADO","NO HABILITADO") -> NO HABILITADO | G100: =+'EXPERIENCIA DEL PROPONENTE'!O517
A101: 93 | B101: CONSORCIO INTER ENGATIVA COLUSI | C101: CUMPLE | D101: NO CUMPLE | E101: =IF(G101="","NO CUMPLE","CUMPLE") -> NO CUMPLE | F101: =IF(AND(C101="CUMPLE",D101="CUMPLE",E101="CUMPLE"),"HABILITADO","NO HABILITADO") -> NO HABILITADO | Q101: NO ES VALIDA LA ACREDITACIÓN APORTADA "FORMATO 6 — VINCULACIÓN DE PERSONAS EN CONDICIÓN DE DISCAPACIDAD" DEBIÓ SER PRESENTADA POR EL INTEGRANTE CONSTRUCCIONES SINAI S.A.S, EN CUMPLIMIENTO A LO DISPUESTO EN EL ARTICULO 2.2.1.2.4.2.6 DEL DECRETO 1082 DE 2015 PARAGRAFO : "si la oferta es presentada por un consorcio, unión temporal o promesa de sociedad futura, se tendrá en cuenta la planta de personal del integrante del proponente plural que aporte como mínimo el cuarenta por ciento (40%) de la experiencia requerida para la respectiva contratación."
A102: 94 | B102: EMPROCIV SAS | C102: CUMPLE | D102: NO CUMPLE | E102: =IF(G102="","NO CUMPLE","CUMPLE") -> NO CUMPLE | F102: =IF(AND(C102="CUMPLE",D102="CUMPLE",E102="CUMPLE"),"HABILITADO","NO HABILITADO") -> NO HABILITADO
A103: 95 | B103: EGS SAS | C103: CUMPLE | D103: CUMPLE | E103: =IF(G103="","NO CUMPLE","CUMPLE") -> CUMPLE | F103: =IF(AND(C103="CUMPLE",D103="CUMPLE",E103="CUMPLE"),"HABILITADO","NO HABILITADO") -> HABILITADO | G103: =+'EXPERIENCIA DEL PROPONENTE'!O532 -> 1119.6134 | H103: =ABS(G103-$G$106) -> 100.51794 | I103: =67.5*(1-H103/$G$106) -> 61.939155 | J103: 10 | K103: 1 | L103: 20 | M103: 1 | N103: 0.25 | O103: 0.25 | P103: =SUM(I103:O103) -> 94.439155
A104: 96 | B104: DF CONSULTORIA SAS | C104: CUMPLE | D104: CUMPLE | E104: =IF(G104="","NO CUMPLE","CUMPLE") -> CUMPLE | F104: =IF(AND(C104="CUMPLE",D104="CUMPLE",E104="CUMPLE"),"HABILITADO","NO HABILITADO") -> HABILITADO | G104: =+'EXPERIENCIA DEL PROPONENTE'!O538 -> 1684.6181 | H104: =ABS(G104-$G$106) -> 464.48679 | I104: =67.5*(1-H104/$G$106) -> 41.803701 | J104: 10 | K104: 1 | L104: 20 | M104: 1 | N104: 0.25 | O104: 0.25 | P104: =SUM(I104:O104) -> 74.303701
...

Sheet EXPERIENCIA DEL PROPONENTE
A1: FONDO DE DESARROLLO LOCAL DE ENGATIVA
A2: CONCURSO DE MÉRITOS ABIERTO FDLE-CMA-275-2023
A3: EXPERIENCIA HABILITANTE Y EVALUABLE DEL PROPONENTE | Z3: CUMPLE
B5: CONDICIONES DE EXPERIENCIA
A6: # | B6: OBJETO | C6: ENTIDAD | D6: No. CONSECUTIVO EN RUP | E6: VALOR CONTRATOS (SMMLV EN EL RUP) AFECTADO POR EL PORCENTAJE DE PARTICIPACIÓN | F6: uno de los integrantes del Proponente debe aportar como mínimo el cincuenta (50%) por ciento de la experiencia | G6: ii) los demás integrantes deben acreditar al menos el cinco por ciento (5%) de la experiencia requerida; | H6: % DEL PROCESO > 100% | I6: INTERVENTORÍA A PROYECTOS DE: CONSTRUCCIÓN O RECONSTRUCCION O REHABILITACIÓN O ADECUACION O AMPLIACION O MEJORAMIENTO O MANTENIMIENTO O RECONSTRUCCION O REPAVIMENTACIÓN O PAVIMENTACIÓN O CONSERVACION DE INFRAESTRUCTURA VIAL PARA TRÁFICO VEHICULAR DE VÍAS URBANAS O DE VÍAS PRIMARIAS O SECUNDARIAS (NO SON VALIDAS VIAS TERCIARIAS LAS QUE COMUNICAN CABECERAS CON VERADAS O VEREDS ENTRE SÍ) | J6: DEMUESTRA LA INTERVENCIÓN A LA ESTRUCTURA DEL PAVIMENTO | K6: INCLUYE LOS 8 SEGUIMIENTOS: INTERVENTORIA TÉCNICA, ADMINISTRATIVA, FINANCIERA, JURÍDICA, SOCIAL, AMBIENTAL Y SISO Y PMT | L6: UNO DE LOS CONTRATOS CUMPLE CON: DIAGNOSTICOS O DISEÑOS PARA ACTIVIDADES DE CONSERVACIÓN: SOLO SE VALIDAN ESTAS ACTIVIDADES DEL RESTO NO: mantenimiento rutinario, periódico, preventivo, correctivo, rehabilitación o reconstrucción | M6: VALOR CONTRATOS VALIDOS (SMMLV EN EL RUP) AFECTADO POR EL PORCENTAJE DE PARTICIPACIÓN | N6: NUMERO DE CONTRATOS VALIDADOS | O6: PROMEDIO | P6: Observación y respuesta a observaciones | Q6: CONTRATO SE VALIDA / NO SE VALIDA
B9: PROPONENTE: 1 | C9: =+'CONSOLIDADO PONDERABLES'!B9 -> CONSORCIO INTERCOV
A10: 1 | B10: INTERVENTORIA TECNICA, ADMINISTRATIVA, FINANCIERA, AMBIENTAL, JURIDICA Y CONTABLE AL CONTRATO CUYO OBJETO ES: ACTIVADES CONSTRUCTIVAS PARA EL CORREDOR VIAL Y ALAMEDA DE LA CARRERA 46 UBICADO EN EL CANTON CALDAS EN LA CIUDAD DE BOGOTA | C10: CENAC DE INGENIEROS | D10: 64 | E10: 376.1822 | F10: CUMPLE | G10: CUMPLE | H10: =M13/1076.28362068966 -> 0 | J10: DEMUESTRA | K10: EN EL OBJETO: TECNICA, ADMINISTRATIVA, FINANCIERA LEGAL AMBIENTAL, EN EL CONTRATO: Y AMBIENTAL. NO CUMPLE CON: SOCIAL SST Y PMT. | L10: INCLUYE DISEÑOS PARA ACTIVIDADES DE CONSTRUCCIÓN (NO SE VALIDA) | O10: =IF(N13=0,"",M13/N13) | Q10: NO SE VALIDA
A11: 2 | B11: INTERVENTORIA TECNICA, ADMINISTRATIVA, FINANCIERA Y AMBIENTAL PARA LA EVALUACION Y REHABILITACION DE VIAS EN LAS LOCALIDADES DE LA CANDELARIA, LOS MARTIRES, ENGATIVA E INTERVENTORIA PARA LA REHABILITACION DE VIAS EN LA LOCALIDAD DE BARRIO UNIDOS | C11: INSTITUTO DE DESARROLLO URBANO - IDU | D11: 41 | E11: 66.175782 | H11: =(SUM(#REF!))/#REF! -> #REF! | J11: DEMUESTRA | K11: EN EL OBJETO: TECNICA, ADMINISTRATIVA, FINANCIERA LEGAL AMBIENTAL, EN EL CONTRATO: Y AMBIENTAL. NO CUMPLE CON: SOCIAL SST Y PMT. | L11: INCLUYE DISEÑOS PARA ACTIVIDADES DE REHABILITACION | Q11: NO SE VALIDA
A12: 3 | B12: INTERVENTORIA PARA LOS ESTUDIOS, DISEÑOS, PLAN DE MANEJO AMBIENTAL, Y LA CONSTRUCCIÓN DE LAS VÍAS VEHICULARES INTERNAS EN CONCRETO RÍGIDO, PUENTES EN CONCRETO REFORZADO, PONTONES, BOXCOULVERT Y MOVIMIENTOS DE TIERRA EN LA ADECUACIÓN DE LA INFRAESTRUCTURA PARA LA CRÍA DE CAMARÓN EN CAUTIVERIO , EN ISLA TRUJILLO, II ETAPA (TUMACO – NARIÑO) | C12: EXPLOTACIONES PESQUERAS DE OCCIDENTE-PEXCO S.A | D12: 1 | E12: 4680.4494 | H12: =(SUM(#REF!))/#REF! -> #REF! | J12: DEMUESTRA | K12: EN EL OBJETO: TECNICA, ADMINISTRATIVA, FINANCIERA LEGAL AMBIENTAL, EN EL CONTRATO: Y AMBIENTAL. NO CUMPLE CON: SOCIAL SST Y PMT. | L12: NO INCLUYE | Q12: NO SE VALIDA
E13: =SUM(E10:E12) -> 5122.8074 | F13: =+F10 -> CUMPLE | G13: =+G10 -> CUMPLE | H13: =IF(H10>=100%,"CUMPLE","NO CUMPLE") -> NO CUMPLE | L13: CUMPLE | M13: =SUM(M10:M12) -> 0 | N13: =SUM(N10:N12) -> 0 | O13: =+O10 | Q13: NO HABILITADO
B14: PROPONENTE: 2 | C14: =+'CONSOLIDADO PONDERABLES'!B10 -> INTERCONSULTORES 2023
A15: 1 | B15: Interventoría técnica, administrativa, financiera y ambiental de la construcción intercambio vial estación Madera. | C15: MUNICIPIO DE BELLO | D15: 2 31 | E15: 5306.4866 | F15: CUMPLE | G15: CUMPLE | H15: =M18/1076.28362068966 -> 0 | J15: DEMUESTRA | K15: EN EL OBJETO: TECNICA, ADMINISTRATIVA, FINANCIERA LEGAL AMBIENTAL, EN EL CONTRATO: SOCIAL Y AMBIENTAL. NO CUMPLE CON: SST Y PMT. | L15: NO INCLUYE | O15: =IF(N18=0,"",M18/N18) | Q15: NO SE VALIDA
A16: 2 | B16: Interventoría técnica, administrativa, financiera y socio ambiental para la construcción y/o rehabilitación de vías en varias localidades de Sant Fé, Usme, Martires y Rafael Uribe Uribe, en Bogotá D.C. | C16: IDU | D16: 21 | E16: 1365.024 | H16: =(SUM(#REF!))/#REF! -> #REF! | J16: DEMUESTRA | K16: EN EL OBJETO: TECNICA, ADMINISTRATIVA, FINANCIERA, EN EL CONTRATO: SOCIAL Y AMBIENTALY PMT. NO CUMPLE CON: SST. | L16: INCLUYE DISEÑOS PARA ACTIVIDADES DE REHABILITACIÓN | Q16: NO SE VALIDA
A17: 3 | H17: =(SUM(#REF!))/#REF! -> #REF!
E18: =SUM(E15:E17) -> 6671.5106 | F18: =+F15 -> CUMPLE | G18: =+G15 -> CUMPLE | H18: =IF(H15>=100%,"CUMPLE","NO CUMPLE") -> NO CUMPLE | L18: CUMPLE | M18: =SUM(M15:M17) -> 0 | N18: =SUM(N15:N17) -> 0 | O18: =+O15 | Q18: NO HABILITADO
B19: PROPONENTE: 3 | C19: =+'CONSOLIDADO PONDERABLES'!B11 -> CONSULTORES ESPECIALIZADOS Y ASOCIADOS DE SANTANDER SAS
A20: 1 | B20: INTERVENTORIA DE LOS ESTUDIOS Y DISEÑOS, PAVIMENTACION Y/O REPAVIMENTACION DE LAS VIAS INCLUIDAS DENTRO DEL PROGRAMA DE PAVIMENTACION DE INFRAESTRUCTURA VIALDE INTEGRACION Y DESARROLLO GRPO 85 VIA COROZAL BETULIA SINCE CON UNA LONGITUD DE 17.30 KM VIA TOLUVIEJO VARSOVIA PALMITO CON UNA LONGITUD DE 7 KM EN EL DEPARTAMENTO DE SUCRE | C20: INVIAS | D20: 9 | E20: 2766.6464 | F20: CUMPLE | G20: CUMPLE | H20: =M23/1076.28362068966 -> 0 | J20: DEMUESTRA | K20: EN EL OBJETO: TECNICA, ADMINISTRATIVA, FINANCIERA LEGAL AMBIENTAL, EN EL CONTRATO: AMBIENTAL. NO CUMPLE CON: SOCIAL, SST Y PMT. | L20: INCLUYE DISEÑOS PARA ACTIVIDADES DE PAVIMENTACION (NO SE VALIDA) | O20: =IF(N23=0,"",M23/N23) | Q20: NO SE VALIDA
A21: 2 | B21: INTERVENTORIA TECNICA Y ADMINISTRATIVA DE LAS OBRAS CORRESPONDIENTES A LA RECONSTRUCCION EN CONCRETO RIGIDO Y FLEXIBLE DE LA PROLONGACION DE LA AVENIDACIRCUNVALAR Y EL ACCESO PRINCIPAL DE LA GRAN CENTRAL | C21: AMB | D21: 14 | E21: 2626.4835 | H21: =(SUM(#REF!))/#REF! -> #REF! | J21: DEMUESTRA | K21: EN EL OBJETO: TECNICA, ADMINISTRATIVA, FINANCIERA, EN EL CONTRATO: NO CUMPLE CON: SOCIAL Y AMBIENTAL. SST PMT. | L21: NO INCLUYE | Q21: NO SE VALIDA
A22: 3 | B22: INTERVENTORIA PARA LA CONSTRUCCION DEL PARQUE INTERCAMBIADOR VIAL MESON DE LOS BUCAROS | C22: ALCALDIA DE BUCARAMANGA | D22: 48 | E22: 5581.1596 | H22: =(SUM(#REF!))/#REF! -> #REF! | J22: DEMUESTRA | K22: CUMPLE CON LAS 8 ACTIVIDADES | L22: NO INCLUYE | Q22: SE VALIDA
E23: =SUM(E20:E22) -> 10974.289 | F23: =+F20 -> CUMPLE | G23: =+G20 -> CUMPLE | H23: =IF(H20>=100%,"CUMPLE","NO CUMPLE") -> NO CUMPLE | L23: NO CUMPLE | M23: =SUM(M20:M22) -> 0 | N23: =SUM(N20:N22) -> 0 | O23: =+O20 | Q23: NO HABILITADO
B24: PROPONENTE: 4 | C24: =+'CONSOLIDADO PONDERABLES'!B12 -> CONSORCIO OPH-AIH
A25: 1 | B25: INTERVENTORÍA TÉCNICA, ADMINISTRATIVA, FINANCIERA Y AMBIENTAL AL DIAGNÓSTICO Y MANTENIMIENTO DE VÍAS, GRUPO 4, A TRAVÉS DEL PROGRAMA BRIGADA DE REACCIÓN VIAL EN BOGOTÁ D.C. | C25: INSTITUTO DE DERRALLO URBANO - IDU | D25: 5 | E25: 709.266 | F25: CUMPLE | G25: CUMPLE | H25: =M28/1076.28362068966 -> 0.65899544 | J25: DEMUESTRA | K25: CUMPLE CON LAS 8 ACTIVIDADES | L25: INCLUYE DIAGNÓSTICOS PARA ACTIVIDADES DE MANTENIMIENTO | M25: 709.266 | N25: 1 | O25: =IF(N28=0,"",M28/N28) -> 709.266 | Q25: SE VALIDA | R25: EL CONTRATO VALIDO ESTA POR DEBAJO DEL 100% DEL P.O
A26: 2 | B26: INTERVENTORÍA PARA LA RECONSTRUCCIÓN, PAVIMENTAIÓN Y/O REPAVIMENTACIÓN EN EL TRAMO VIAL MANIZALES - NEIRA. DEPARTAMENTO DE CALDAS | C26: INFICALDAS | D26: 3 | E26: 2288.4 | H26: =(SUM(#REF!))/#REF! -> #REF! | J26: DEMUESTRA | K26: EN EL OBJETO: TECNICA, ADMINISTRATIVA, FINANCIERA LEGAL AMBIENTAL, EN EL CONTRATO: SOCIAL Y AMBIENTAL. NO CUMPLE CON: SST Y PMT. | L26: NO INCLUYE | Q26: NO SE VALIDA
A27: 3 | H27: =(SUM(#REF!))/#REF! -> #REF!
E28: =SUM(E25:E27) -> 2997.666 | F28: =+F25 -> CUMPLE | G28: =+G25 -> CUMPLE | H28: =IF(H25>=100%,"CUMPLE","NO CUMPLE") -> NO CUMPLE | L28: CUMPLE | M28: =SUM(M25:M27) -> 709.266 | N28: =SUM(N25:N27) -> 1 | O28: =+O25 -> 709.266 | Q28: NO HABILITADO
B29: PROPONENTE: 5 | C29: =+'CONSOLIDADO PONDERABLES'!B13 -> C INGESA
A30: 1 | B30: Interventoría para el mejoramiento y mantenimiento integral de la ruta Calarca - Ibagué y variante de Ibagué del corredor vial del pacifico (incluido el mantenimiento rutinario, la señalización, el monitoreo y vigilancia y los conteos de tránsito, ruta 40 tramo 4003 y 40 TLC. | C30: INVIAS | D30: 18 | E30: 9192.495 | F30: CUMPLE | G30: CUMPLE | H30: =M34/1076.28362068966 -> 0 | J30: DEMUESTRA | K30: NO CUMPLE CON: FINANCIERA LEGAL AMBIENTAL, EN EL CONTRATO: SOCIAL Y AMBIENTAL SST Y PMT. | L30: INCLUYE DIAGNÓSTICOS PARA ACTIVIDADES DE MANTENIMIENTO | O30: =IF(N34=0,"",M34/N34) | Q30: NO SE VALIDA
A31: 2 | B31: InterventoríaObrasConstruccióndelaIntersecciónelEstadiodelaVarianteCalarcá-Armenia y pavimentación Accesos | C31: INVIAS | D31: 21 | E31: 585.53 | H31: =(SUM(#REF!))/#REF! -> #REF! | J31: DEMUESTRA | K31: NO CUMPLE CON: FINANCIERA LEGAL AMBIENTAL, EN EL CONTRATO: SOCIAL Y AMBIENTAL SST Y PMT. | L31: INCLUYE DISEÑOS PARA ACTIVIDADES DE CONSTRUCCIÓN (NO SE VALIDA) | Q31: NO SE VALIDA
A32: 3 | B32: InterventoriatécnicaparalaconstrucciónvarianteycanalizaciónquebradasectorPeñadeOrodelavíaLaRenta-SanVicenteKM36+600delMunicipiodeSanVicentedeChuqurí | C32: MUNICIPIO DE SAN VICENTE DE CHUCURI | D32: 22 | E32: 370.76 | H32: =(SUM(#REF!))/#REF! -> #REF! | J32: DEMUESTRA | K32: EN EL OBJETO: TECNICA, ADMINISTRATIVA, . NO CUMPLE CON: FINANCIERA LEGAL AMBIENTAL, EN EL CONTRATO: SOCIAL Y AMBIENTAL SST Y PMT. | L32: NO INCLUYE | Q32: NO SE VALIDA
A33: 4 | B33: Interventoríatécnica,administrativaycontablesobrelaejecuciónycumplimientodelasobligacionescontraidasenelcontratodeobra134de2005"PavimentacióndecarreterassecundariasdeldepartamentodeSantanderincluidasenelPlan2500KM"laPavimentacióndelavíaTroncaldelMagdalenaPuertoWilchescelebradoentreelDepartamento de Santander y ESGAMO. | C33: GOB. SANTANDER | D33: 11 | E33: 3306.91 | J33: DEMUESTRA | K33: EN EL OBJETO: TECNICA, ADMINISTRATIVA, . NO CUMPLE CON: FINANCIERA LEGAL AMBIENTAL, EN EL CONTRATO: SOCIAL Y AMBIENTAL SST Y PMT. | L33: NO INCLUYE | Q33: NO SE VALIDA
E34: =SUM(E30:E33) -> 13455.695 | F34: =+F30 -> CUMPLE | G34: =+G30 -> CUMPLE | H34: =IF(H30>=100%,"CUMPLE","NO CUMPLE") -> NO CUMPLE | L34: NO CUMPLE | M34: =SUM(M30:M32) -> 0 | N34: =SUM(N30:N32) -> 0 | O34: =+O30 | Q34: NO HABILITADO
B35: PROPONENTE: 6 | C35: =+'CONSOLIDADO PONDERABLES'!B14 -> CONSORCIO DIN ISUTECH
A36: 1 | B36: Interventoría técnica, administrativa, financiera y socio ambiental para la construcción y/o rehabilitación de vías en varias Localidades en Bogotá D.C. Grupo 3: Localidad de Kennedy, en Bogotá D.C. | C36: IDU | D36: 15 | E36: 3085.7401 | F36: CUMPLE | G36: CUMPLE | H36: =M39/1076.28362068966 -> 0 | J36: DEMUESTRA | K36: EN EL OBJETO: TECNICA, ADMINISTRATIVA, FINANCIERA LEGAL AMBIENTAL, EN EL CONTRATO: SOCIAL Y AMBIENTAL Y PMT.. NO CUMPLE CON: SST | L36: NO INCLUYE | O36: =IF(N39=0,"",M39/N39) | Q36: NO SE VALIDA
A37: 2 | B37: Interventoria, tecnica, administrativa, financiera y ambiental a los estudios, diseños y construccion, de accesos a barrios y pavimentos locales y al suministro de material para vias grupo 2, segunda etapa | C37: IDU | D37: 16 | E37: 1207.2907 | H37: =(SUM(#REF!))/#REF! -> #REF! | J37: DEMUESTRA | K37: EN EL OBJETO: TECNICA, ADMINISTRATIVA, FINANCIERA, EN EL CONTRATO: AMBIENTAL. NO CUMPLE CON: SOCIAL, SST Y PMT. | L37: INCLUYE DISEÑOS PARA ACTIVIDADES DE CONSTRUCCIÓN (NO SE VALIDA) | Q37: NO SE VALIDA
A38: 3 | H38: =(SUM(#REF!))/#REF! -> #REF!
E39: =SUM(E36:E38) -> 4293.0308 | F39: =+F36 -> CUMPLE | G39: =+G36 -> CUMPLE | H39: =IF(H36>=100%,"CUMPLE","NO CUMPLE") -> NO CUMPLE | L39: NO CUMPLE | M39: =SUM(M36:M38) -> 0 | N39: =SUM(N36:N38) -> 0 | O39: =+O36 | Q39: NO HABILITADO
B40: PROPONENTE: 7 | C40: =+'CONSOLIDADO PONDERABLES'!B15 -> CONSORCIO SANTA MARIA IP
A41: 1 | B41: NTERVENTORÍA TÉCNICA, ADMINISTRATIVA, FINANCIERA, LEGAL, SOCIAL, AMBIENTAL Y S&SO PARA LA COMPLEMENTACIÓN Y/O ACTUALIZACIÓN Y/O AJUSTES Y/O DISEÑOS Y CONSTRUCCIÓN DE LA AVENIDA COLOMBIA (CARRERA 24), ENTRE LA CALLE 76 Y LA AVENIDA CALLE 80, EN BOGOTÁ, D.C., DEL ACUERDO 523 DE 2013._x000D_ | C41: IDU | D41: 27 | E41: 982.44 | F41: CUMPLE | G41: CUMPLE | H41: =M46/1076.28362068966 -> 0 | J41: DEMUESTRA | K41: CUMPLE CON LAS 8 ACTIVIDADES | L41: INCLUYE DISEÑOS PARA ACTIVIDADES DE CONSTRUCCIÓN (NO SE VALIDA) | O41: =IF(N46=0,"",M46/N46) | Q41: NO SE VALIDA
A42: 2 | B42: NTERVENTORIA TECNICA, FINANCIERA, ADMINISTRATIVA Y AMBIENTAL PARA LOS ESTUDIOS, DISEÑOS Y CONSTRUCCIÓN PARA LA PAVIMENTACIÓN DE LAS VÍAS URBANAS DEL MUNICIPIO DE VALLEDUPAR, EN EL DEPARTAMENTO DEL CESAR | C42: DEPARTAMENTO DEL CESAR | D42: 9 | E42: 590.428 | H42: =(SUM(#REF!))/#REF! -> #REF! | J42: DEMUESTRA | K42: EN EL OBJETO: TECNICA, ADMINISTRATIVA, FINANCIERA, EN EL CONTRATO: AMBIENTAL. NO CUMPLE CON: SOCIAL, SST Y PMT. | L42: NO INCLUYE | Q42: NO SE VALIDA
A43: 3 | B43: INTERVENTORÍA TÉCNICA, ADMINISTRATIVA, LEGAL, FINANCIERA, SOCIAL, AMBIENTAL Y S&SO PARA LA CONSTRUCCIÓN DE LOS TRAMOS FALTANTES DE LA AVENIDA FERROCARRIL DE OCCIDENTE, POR LA CALZADA NORTE CORRESPONDIENTE AL TRAMO COMPRENDIDO ENTRE LA CARRERA 100 Y LA CARRERA 96 I Y POR LA CALZADA SUR CORRESPONDIENTE AL TRAMO COMPRENDIDO ENTRE LA CARRERA 96 C Y LA CARRERA 93, QUE HACEN PARTE DEL PROYECTO CON CÓDIGO DE OBRA 190 DEL ACUERDO 180 DE 2005 DE VALORIZACIÓN EN BOGOTÁ, D.C. | C43: IDU | D43: 39 | E43: 3712.89 | H43: =(SUM(#REF!))/#REF! -> #REF! | J43: DEMUESTRA | K43: CUMPLE CON LAS 8 ACTIVIDADES | L43: NO INCLUYE | Q43: NO SE VALIDA
A44: 4 | B44: NTERVENTORÍA DE CONTROL TÉCNICO, ADMINISTRATIVO, LEGAL, FINANCIERO, CONTABLE, AMBIENTAL, DE SEGURIDAD INDUSTRIAL Y SALUD OCUPACIONAL DE LOS CONTRATOS CUYO OBJETO CONSISTE EN: LA CONSTRUCCIÓN DE LA MALLA VIAL, ESPACIO PÚBLICO, ASÍ COMO LA REPOSICIÓN Y/O AMPLIACIÓN DE LAS REDES DE ACUEDUCTO Y ALCANTARILLADO SANITARIO DE LA DIAGONAL 10 Y SU CONEXIÓN CON LA CALLE 6; - ADECUACIÓN Y/O AMPLIACIÓN DE LA INTERSECCIÓN DE LA GLORIETA LA CEIBA Y SUS ESTRUCTURAS COMPLEMENTARIAS; Y - REHABILITACIÓN DE LA MALLA VIAL Y ESPACIO PÚBLICO DE LA AVENIDA LA POPA O CALLE 16 ENTRE LA GLORIETA BATALLÓN LA POPA Y LA ENTRADA A LA URBANIZACIÓN DON ALBERTO, PARA LA PUESTA EN MARCHA DEL SISTEMA ESTRATÉGICO DE TRANSPORTE PÚBLICO COLECTIVO DE LA CIUDAD DE VALLEDUPAR, DEPARTAMENTO DEL CESAR | C44: SIVA | D44: 40 | E44: 1372.96 | J44: DEMUESTRA | K44: EN EL OBJETO: TECNICA, ADMINISTRATIVA, FINANCIERA LEGAL AMBIENTAL, EN EL CONTRATO: SOCIAL Y AMBIENTAL Y SST.. NO CUMPLE CON: PMT | L44: NO INCLUYE | Q44: NO SE VALIDA
A45: 5 | B45: NTERVENTORIA TECNICA, FINANCIERA, ADMINISTRATIVA Y AMBIENTAL PAVIMENTACIÓN DE LAS VÍAS URBANAS DEL MUNICIPIO DE CURUMANÍ Y SUS CORREGIMIENTOS. GRUPO I: PAVIMENTACIÓN EN CONCRETO RIGIDO Y OBRAS DE URBANISMO COMPLEMENTARIAS, (SECTOR NORTE Y CORREGIMIENTOS). GRUPO II: PAVIMENTACIÓN EN CONCRETO RIGIDO Y OBRAS DE URBANISMO COMPLEMENTARIAS (SECTOR SUR)_x000D_ | C45: DEPARTAMENTO DEL CESAR | D45: 10 | E45: 1056.312 | J45: DEMUESTRA | K45: EN EL OBJETO: TECNICA, ADMINISTRATIVA, FINANCIERA, EN EL CONTRATO: AMBIENTAL. NO CUMPLE CON: SOCIAL, SST Y PMT. | L45: NO INCLUYE | Q45: NO SE VALIDA
E46: =SUM(E41:E43) -> 5285.758 | F46: =+F41 -> CUMPLE | G46: =+G41 -> CUMPLE | H46: =IF(H41>=100%,"CUMPLE","NO CUMPLE") -> NO CUMPLE | L46: NO CUMPLE | M46: =SUM(M41:M43) -> 0 | N46: =SUM(N41:N43) -> 0 | O46: =+O41 | Q46: NO HABILITADO
B47: PROPONENTE: 8 | C47: =+'CONSOLIDADO PONDERABLES'!B16 -> UNIOBRAS DEL ORIENTE SAS
A48: 1 | B48: SE REALIZA INVERSIÓN SOCIAL CON RECURSOS PROPIOS QUE SON TOTALMENTE ASUMIDAS POR LA EMPRESA PETROBRAS ENERGÍA COLOMBIA, COMO COMPENSACIÓN A LAS ZONAS EN DONDE DICHA EMPRESA ADELANTA LA EXPLORACIÓN Y EXPLOTACIÓN DE PETRÓLEO CRUDO MEDIANTE LA INTERVENTORIA TECNICA, ADMINISTRATIVA, FINANCIERA Y CONTABLEAL CONTRATO CUYO OBJETO ES CONSTRUCCION DE LA VIA DE ACCESO DONDE SE UBICARAEL POZO MARY 3, DESDE PUERTO GUZMAN HASTA EL MUNICPIO DE PIAMONTE - CAUCA. | C48: PETROBRAS ENERGIA COLOMBIA | D48: 27 | E48: 3600.62 | F48: CUMPLE | G48: CUMPLE | H48: =M51/1076.28362068966 -> 0 | J48: DEMUESTRA | K48: EN EL OBJETO: TECNICA, ADMINISTRATIVA, FINANCIERA, EN EL CONTRATO: AMBIENTAL. NO CUMPLE CON: SOCIAL, SST Y PMT. | L48: NO INCLUYE | O48: =IF(N51=0,"",M51/N51) | Q48: NO SE VALIDA
A49: 2 | H49: =(SUM(#REF!))/#REF! -> #REF!
A50: 3 | H50: =(SUM(#REF!))/#REF! -> #REF!
E51: =SUM(E48:E50) -> 3600.62 | F51: =+F48 -> CUMPLE | G51: =+G48 -> CUMPLE | H51: =IF(H48>=100%,"CUMPLE","NO CUMPLE") -> NO CUMPLE | L51: NO CUMPLE | M51: =SUM(M48:M50) -> 0 | N51: =SUM(N48:N50) -> 0 | O51: =+O48 | Q51: NO HABILITADO
B52: PROPONENTE: 9 | C52: =+'CONSOLIDADO PONDERABLES'!B17 -> TORRES & ASOCIADOS
A53: 1 | B53: NTERVENTORIA TECNICA, ADMINISTRATIVA, FINANCIERA Y CONTABLE DEL PROYECTO CUYO OBJETO ES " CONSTRUCCION DE PLACA HUELLAS, EN LAS VEREDA, KILÓMETRO 15, CAÑO VICTORIA SUR, CERRO MADERA CAMPO HERMOSO DEL MUNICIPIO TIBÚ, NORTE DE SANTANDER. | C53: PETROMINERALES COLOMBIA | D53: 9 | E53: 2516 | F53: CUMPLE | G53: CUMPLE | H53: =M56/1076.28362068966 -> 0 | I53: NO CUMPLE-VIAS RURALES | J53: DEMUESTRA | K53: EN EL OBJETO: TECNICA, ADMINISTRATIVA, FINANCIERA, EN EL CONTRATO: AMBIENTAL. NO CUMPLE CON: SOCIAL, SST Y PMT. | L53: NO INCLUYE | O53: =IF(N56=0,"",M56/N56) | Q53: NO SE VALIDA
A54: 2 | H54: =(SUM(#REF!))/#REF! -> #REF!
A55: 3 | H55: =(SUM(#REF!))/#REF! -> #REF!
E56: =SUM(E53:E55) -> 2516 | F56: =+F53 -> CUMPLE | G56: =+G53 -> CUMPLE | H56: =IF(H53>=100%,"CUMPLE","NO CUMPLE") -> NO CUMPLE | L56: NO CUMPLE | M56: =SUM(M53:M55) -> 0 | N56: =SUM(N53:N55) -> 0 | O56: =+O53 | Q56: NO HABILITADO
B57: PROPONENTE: 10 | C57: CONSORCIO DIN ISUTECH
A58: 1 | B58: NTERVENTORIA TECNICA, ADMINISTRATIVA, FINANCIERA, LEGAL, SOCIAL Y SEGURIDAD INDUSTRIAL, SALUD MEDIO AMBIENTE DE LAS OBRAS Y ACTIVIDADES PARA LA CONSERVACION DE LA MALLA VIAL ARTERIAL TRONCAL Y MALLA VIAL INTERMEDIA QUE SOPORTA LAS RUTAS DEL SISTEMA INTEGRADO DE TRANSPORTE_x0002_SITP- GRUPO 6 TRONCAL AMERICAS | C58: IDU | D58: 92 218 | E58: 1249.02 | F58: CUMPLE | G58: CUMPLE | H58: =M61/1076.28362068966 -> 2.7646082 | J58: DEMUESTRA | K58: CUMPLE CON LAS 8 ACTIVIDADES | L58: INCLUYE DIAGNÓSTICOS PARA ACTIVIDADES DE MANTENIMIENTO | M58: 1249.02 | N58: 1 | O58: =IF(N61=0,"",M61/N61) -> 1487.7512 | Q58: SE VALIDA
A59: 2 | B59: INTERVENTORIA TECNICA, ADMINISTRATIVA, FINANCIERA Y AMBIENTAL PARA EL MEJORAMIENTO INTEGRAL DE VIAS EN LAS ZONAS DE PRECARGAS DEL SISTEMA DE TRANSPORTE MASIVO DEL DISTRITO DE BARRANQUILLA Y SUS AREA METROPOLITANA SISTEMA TRANSMETRO, DE ACUERDO CON LOS PLANOS DE INTERVENCION DE CADA UNO DE LOS COMPONENTES, GRUPOS No: 1, No.2, No3,No4, Y No5. | C59: TRANSMETRO | D59: 20 | E59: 4257.885 | H59: =(SUM(#REF!))/#REF! -> #REF! | J59: DEMUESTRA | K59: EN EL OBJETO: TECNICA, ADMINISTRATIVA, FINANCIERA, EN EL CONTRATO: AMBIENTAL. NO CUMPLE CON: SOCIAL, SST Y PMT. | L59: NO INCLUYE | Q59: NO SE VALIDA
A60: 3 | B60: DESARROLLAR LA INTERVENTORÍA TÉCNICA, ADMINISTRATIVA, FINANCIERA, AMBIENTAL, JURIDICA, LEGAL Y SOCIAL AL CONTRATO DE OBRA PRODUCTO DEL PROCESO LICITATORIO LP 003-2016 CUYO OBJETO ES “EJECUTAR LAS ACTIVIDADES DE MANTENIMIENTO, REHABILITACIÓN, RECONSTRUCCION Y DEMAS ACCIONES DE MOVILIDAD REQUERIDAS PARA LA MALLA VIAL Y ESPACIO PÚBLICO DE LA LOCALIDAD DE SUBA | C60: FDLS | D60: 22 | E60: 1726.4825 | H60: =(SUM(#REF!))/#REF! -> #REF! | J60: DEMUESTRA | K60: CUMPLE CON LAS 8 ACTIVIDADES | L60: NO INCLUYE | M60: 1726.4825 | N60: 1 | Q60: SE VALIDA
E61: =SUM(E58:E60) -> 7233.3875 | F61: =+F58 -> CUMPLE | G61: =+G58 -> CUMPLE | H61: =IF(H58>=100%,"CUMPLE","NO CUMPLE") -> CUMPLE | L61: CUMPLE | M61: =SUM(M58:M60) -> 2975.5025 | N61: =SUM(N58:N60) -> 2 | O61: =+O58 -> 1487.7512 | Q61: NO HABILITADO
B62: PROPONENTE: 11 | C62: =+'CONSOLIDADO PONDERABLES'!B19 -> RD INGENIEROS CIVILES SAS
A63: 1 | B63: INTERVENTORÍA INTEGRAL QUE INCLUYE PERO NO SE LIMITA A LA INTERVENTORÍA TÉCNICA, FINANCIERA, ADMINISTRATIVA, JURÍDICA, GESTIÓN SOCIAL, PREDIAL Y AMBIENTAL PARA EL MEJORAMIENTO DEL PROYECTO CORREDOR HONDA MANIZALES FASE 2 EN EL PROGRAMA DE CORREDORES PRIORITARIOS PARA LA PROSPERIDAD. | C63: INVIAS | D63: 10 | E63: 1391.168 | F63: CUMPLE | G63: CUMPLE | H63: =M66/1076.28362068966 -> 1.2925664 | J63: DEMUESTRA | K63: CUMPLE CON LAS 8 ACTIVIDADES | L63: INCLUYE DIAGNÓSTICOS PARA ACTIVIDADES DE MEJORAMIENTO (NO SE VALIDA) | M63: =+E63 -> 1391.168 | O63: =IF(N66=0,"",M66/N66) | Q63: SE VALIDA
A64: 2 | H64: =(SUM(#REF!))/#REF! -> #REF!
A65: 3 | H65: =(SUM(#REF!))/#REF! -> #REF!
E66: =SUM(E63:E65) -> 1391.168 | F66: =+F63 -> CUMPLE | G66: =+G63 -> CUMPLE | H66: =IF(H63>=100%,"CUMPLE","NO CUMPLE") -> CUMPLE | L66: NO CUMPLE | M66: =SUM(M63:M65) -> 1391.168 | N66: =SUM(N63:N65) -> 0 | O66: =+O63 | Q66: NO HABILITADO
B67: PROPONENTE: 12 | C67: =+'CONSOLIDADO PONDERABLES'!B20 -> MAMUT ACERO Y CONCRETO SAS
A68: 1 | B68: INTERVENTORIA TECNICA, ADMINISTRATIVA, CONTABLE, FINANCIERA Y LEGAL A CONTRATO CUYO OBJETO ES "CONSTRUCCION DE PAVIMENTO ASFALTICO EN EL MUNICIPIO CHAMEZA." | C68: SOLANA PETROLEUM EXPLORATION COLOMBIA LIMITED | D68: 83 | E68: 2025.1397 | F68: CUMPLE | G68: CUMPLE | H68: =M71/1076.28362068966 -> 0 | J68: DEMUESTRA | K68: EN EL OBJETO: TECNICA, ADMINISTRATIVA, FINANCIERA LEGAL AMBIENTAL, EN EL CONTRATO: SOCIAL Y AMBIENTAL Y SST. NO CUMPLE CON: PMT. | L68: INCLUYE DISEÑOS PARA ACTIVIDADES DE CONSTRUCCIÓN (NO SE VALIDA) | O68: =IF(N71=0,"",M71/N71) | Q68: NO SE VALIDA
A69: 2 | H69: =(SUM(#REF!))/#REF! -> #REF!
A70: 3 | H70: =(SUM(#REF!))/#REF! -> #REF!
E71: =SUM(E68:E70) -> 2025.1397 | F71: =+F68 -> CUMPLE | G71: =+G68 -> CUMPLE | H71: =IF(H68>=100%,"CUMPLE","NO CUMPLE") -> NO CUMPLE | L71: NO CUMPLE | M71: =SUM(M68:M70) -> 0 | N71: =SUM(N68:N70) -> 0 | O71: =+O68 | Q71: NO HABILITADO
B72: PROPONENTE: 13 | C72: =+'CONSOLIDADO PONDERABLES'!B21 -> COMPAÑÍA DE PREOYECTOS TECNICOS CPT SA
A73: 1 | B73: INTERVENTORÍA, TÉCNICA, JURÍDICA, FINANCIERA, SOCIAL, AMBIENTAL Y DE SEGURIDAD Y SALUD EN EL TRABAJO AL CONTRATO” CUYO OBJETO ES: “REALIZAR LAS OBRAS DE CONSERVACIÓN DE LA MALLA VIAL EN LA LOCALIDAD DE USAQUÉN Y SUESPACIO PÚBLICO, EN BOGOTÁ, D.C. ATRAVÉS DEL SISTEMA DE PRECIOS UNITARIOS FIJOS Y A MONTO AGOTABLE | C73: FONDO DE DESARROLLO LOCAL USAQUEN | D73: 191 | E73: 2153.7808 | F73: CUMPLE | G73: CUMPLE | H73: =M76/1076.28362068966 -> 0 | J73: DEMUESTRA | K73: EN EL OBJETO: TECNICA AMBIENTAL, EN EL CONTRATO: SOCIAL . NO CUMPLE CON: ADMINISTRATIVA, FINANCIERA LEGAL SST Y PMT. | L73: INCLUYE DIAGNÓSTICOS PARA ACTIVIDADES DE MANTENIMIENTO | O73: =IF(N76=0,"",M76/N76) | Q73: NO SE VALIDA
A74: 2 | H74: =(SUM(#REF!))/#REF! -> #REF!
A75: 3 | H75: =(SUM(#REF!))/#REF! -> #REF!
E76: =SUM(E73:E75) -> 2153.7808 | F76: =+F73 -> CUMPLE | G76: =+G73 -> CUMPLE | H76: =IF(H73>=100%,"CUMPLE","NO CUMPLE") -> NO CUMPLE | L76: CUMPLE | M76: =SUM(M73:M75) -> 0 | N76: =SUM(N73:N75) -> 0 | O76: =+O73 | Q76: NO HABILITADO
B77: PROPONENTE: 14 | C77: =+'CONSOLIDADO PONDERABLES'!B22 -> MIGUEL MORALES INGENIERIA SAS
A78: 1 | B78: INTERVENTORIA PARA MEJORAMIENTO DE LA MOVILIDAD SOGAMOSO CON UNA LONGITUD DE 6KM. DEPARTAMENTO DE BOYACÁ. | C78: INVIAS | D78: 27 | E78: 1543.18 | F78: CUMPLE | G78: CUMPLE | H78: =M81/1076.28362068966 -> 0 | J78: DEMUESTRA | K78: EN EL OBJETO: TECNICA, ADMINISTRATIVA, FINANCIERA LEGAL AMBIENTAL, EN EL CONTRATO: SOCIAL Y AMBIENTAL Y SST. NO CUMPLE CON: PMT. | L78: INCLUYE DIAGNÓSTICOS PARA ACTIVIDADES DE MANTENIMIENTO | O78: =IF(N81=0,"",M81/N81) | Q78: NO SE VALIDA
A79: 2 | H79: =(SUM(#REF!))/#REF! -> #REF!
A80: 3 | H80: =(SUM(#REF!))/#REF! -> #REF!
E81: =SUM(E78:E80) -> 1543.18 | F81: =+F78 -> CUMPLE | G81: =+G78 -> CUMPLE | H81: =IF(H78>=100%,"CUMPLE","NO CUMPLE") -> NO CUMPLE | L81: CUMPLE | M81: =SUM(M78:M80) -> 0 | N81: =SUM(N78:N80) -> 0 | O81: =+O78 | Q81: NO HABILITADO
B82: PROPONENTE: 15 | C82: =+'CONSOLIDADO PONDERABLES'!B23 -> FEYMA INGENIERIA SAS
A83: 1 | B83: INTERVENTORIA TECNICA, ADMINISTRATIVA, FINANCIERA Y AMBIENTAL AL PROYECTO ESTUDIOS Y DISEÑOS, CALCULOS Y CONSTRUCCION MEJORAMIENTO Y REHABILITACION K2+480 AL K6+400 DEL PROYECTO TUNUNGUA- BRICEÑO DEPARTAMENTO DE BOYACA | C83: MUNICIPIO DE TUNUNGUA | D83: 222 | E83: 1039.6014 | F83: CUMPLE | G83: CUMPLE | H83: =M86/1076.28362068966 -> 1.5047128 | J83: DEMUESTRA | K83: CUMPLE CON LAS 8 ACTIVIDADES | L83: INCLUYE DIAGNÓSTICOS PARA ACTIVIDADES DE MEJORAMIENTO Y REHABILITACION | M83: 1039.6014 | N83: 1 | O83: =IF(N86=0,"",M86/N86) -> 809.74886 | Q83: SE VALIDA | R83: EL CONTRATO VALIDO ESTA POR DEBAJO DEL 100% DEL P.O
A84: 2 | B84: REALIZAR LA INTERVENTORIA ADMINISTRATIVA Y FINANCIERA Y TECNICA A LOS CONTRATOS DE OBRA PRODUCTO DE LOS PROCESOS LICITATORIOS NUMEROS 06, 09, 10, 11 Y 12 DE 2007 ADELANTADOS POR EL MUNICIPIO DE TUNJA, EN LO QUE RESPECTA AL PAVIMENTACION, CONSTRUCCION, ADECUACION, Y MANTENIMIENTOS DE VIAS URBANAS DE LA CIUDAD DE TUNJA ESTUDIOS DE SUELOS DISEÑOS COMPLEMENTARIOS Y REDISEÑOS, PROYECTO ADECUACION, MANTENIMIENTO Y PAVIMENTACION MALLA VIAL. | C84: ALCALDIA MAYOR DE TUNJA | D84: 60 | E84: 579.89636 | H84: =(SUM(#REF!))/#REF! -> #REF! | J84: DEMUESTRA | K84: CUMPLE CON LAS 8 ACTIVIDADES | L84: NO INCLUYE | M84: =+E84 -> 579.89636 | N84: 1 | Q84: SE VALIDA
A85: 3 | B85: INTERVENTORIA TECNICA ADMINISTRATIVA Y FINANCIERA A CONTRATOS DE OBRA PARA LA CONSTRUCCION Y MANTENIMIENTO DE ALGUNAS VIAS DE LA RED FISICA DEL DEPARTAMENTO DEL PUTUMAYO | C85: GOBERNACION DEL PUTUMAYO | D85: 219 | E85: 2409.41 | H85: =(SUM(#REF!))/#REF! -> #REF! | J85: DEMUESTRA | K85: EN EL OBJETO: TECNICA, ADMINISTRATIVA, FINANCIERA, EN EL CONTRATO: SOCIAL Y AMBIENTAL. NO CUMPLE CON: SST Y PMT. | L85: NO INCLUYE | Q85: NO SE VALIDA
E86: =SUM(E83:E85) -> 4028.9077 | F86: =+F83 -> CUMPLE | G86: =+G83 -> CUMPLE | H86: =IF(H83>=100%,"CUMPLE","NO CUMPLE") -> CUMPLE | L86: CUMPLE | M86: =SUM(M83:M85) -> 1619.4977 | N86: =SUM(N83:N85) -> 2 | O86: =+O83 -> 809.74886 | Q86: HABILITADO
B87: PROPONENTE: 16 | C87: =+'CONSOLIDADO PONDERABLES'!B24 -> CONSORCIO ENGATIVA JC 275
A88: 1 | B88: INTERVENTORÍA TÉCNICA, LEGAL, FINANCIERA, ADMINISTRATIVA, AMBIENTAL, PREDIAL Y SOCIAL DEL PROYECTO "ESTUDIOS Y DISEÑOS, GESTIÓN SOCIAL, PREDIAL, AMBIENTAL Y MEJORAMIENTO DEL PROYECTO "TRONCAL CENTRAL DEL NORTE" | C88: INVIAS | D88: 114 | E88: 3979.9675 | F88: CUMPLE | G88: CUMPLE | H88: =M94/1076.28362068966 -> 1.1793512 | J88: DEMUESTRA | K88: EN EL OBJETO: TECNICA, ADMINISTRATIVA, FINANCIERA LEGAL AMBIENTAL, EN EL CONTRATO: SOCIAL Y AMBIENTAL. Y PMT NO CUMPLE CON: SST . | L88: INCLUYE DIAGNÓSTICOS PARA ACTIVIDADES DE MANTENIMIENTO | O88: =+M94/N94 -> 634.6582 | Q88: NO SE VALIDA
A89: 2 | B89: EJERCER LA INTERVENTORÍA TÉCNICA ADMINISTRATIVA Y FINANCIERA A PRECIO GLOBAL FIJO PARA EL ESTUDIO DISEÑO Y CONSTRUCCIÓN DE PAVIMENTOS LOCALES Y ACCESOS A BARRIOS EN LA LOCALIDAD DE CIUDAD BOLÍVAR, PROGRAMA DE DESMARGINALIZACIÓN FASE 2B, 2ª ETAPA EN SANTAFÉ DE BOGOTÁ D.C. | C89: IDU | D89: 47 | E89: 488.65045 | H89: =(SUM(#REF!))/#REF! -> #REF! | J89: DEMUESTRA | K89: EN EL OBJETO: TECNICA, ADMINISTRATIVA, FINANCIERA LEGAL AMBIENTAL, EN EL CONTRATO: . NO CUMPLE CON: LEGAL, SOCIAL Y AMBIENTAL SST Y PMT. | L89: INCLUYE DIAGNÓSTICOS PARA ACTIVIDADES DE MANTENIMIENTO | Q89: NO SE VALIDA
A90: 3 | B90: EJERCER LA INTERVENTORÍA TÉCNICA, ADMINISTRATIVA, FINANCIERA Y AMBIENTAL A PRECIO GLOBAL FIJO PARA LA EVALUACIÓN Y REHABILITACIÓN DE VÍAS EN LA LOCALIDAD DE USAQUÉN, EN BOGOTÁ D.C. | C90: IDU | D90: 49 | E90: 260.71207 | J90: DEMUESTRA | K90: CUMPLE CON LAS 8 ACTIVIDADES | L90: NO INCLUYE | M90: =+E90 -> 260.71207 | N90: 1 | Q90: SE VALIDA
A91: 4 | B91: INTERVENTORÍA TÉCNICA, ADMINISTRATIVA, FINANCIERA Y AMBIENTAL PARA DIAGNÓSTICO, MANTENIMIENTO RUTINARIO Y PERIÓDICO DE LA MALLA VIAL ARTERIAL PRINCIPAL Y MALLA VIAL COMPLEMENTARIA, CONFORMADA POR DISTRITOS DE MANTENIMIENTO 9 Y 10, DE LA FASE 3, CORREDORES VIALES SEGMENTADOS EN BOGOTÁ GRUPO 1 | C91: IDU | D91: 9 | E91: 1008.6043 | J91: DEMUESTRA | K91: CUMPLE CON LAS 8 ACTIVIDADES | L91: INCLUYE DIAGNÓSTICOS PARA ACTIVIDADES DE MANTENIMIENTO | M91: =+E91 -> 1008.6043 | N91: 1 | Q91: SE VALIDA | R91: NO COINCIDE VALORES RUP
A92: 5 | B92: INTERVENTORÍA TÉCNICA, JURÍDICA, FINANCIERA Y AMBIENTAL AL CONTRATO DE. OBRA PARA LA CONSTRUCCIÓN DE LA SOLUCIÓN VIAL QUEBRADA LA VÍBORA - MOLIVENTO FASE 1, DENTRO DEL PLAN DE MOVILIDAD Y CONECTIVIDAD DE DOSQUEBRADAS DE CONFORMIDAD CON EL ACUERDO 035 DE 2016 Y EL PLAN DE DESARROLLO DE DOSQUEBRADAS, COMPROMISO DE TODOS. | C92: IDM | D92: 166 | E92: 1022.8184 | J92: DEMUESTRA | K92: EN EL OBJETO: TECNICA, ADMINISTRATIVA, FINANCIERA LEGAL AMBIENTAL, EN EL CONTRATO: SOCIAL Y AMBIENTAL. NO CUMPLE CON: ADMINISTRATIVA | L92: NO INCLUYE | Q92: NO SE VALIDA | R92: NO COINCIDE VALORES RUP
H93: =(SUM(#REF!))/#REF! -> #REF!
E94: =SUM(E88:E93) -> 6760.7528 | F94: =+F88 -> CUMPLE | G94: =+G88 -> CUMPLE | H94: =IF(H88>=100%,"CUMPLE","NO CUMPLE") -> CUMPLE | L94: CUMPLE | M94: =SUM(M88:M93) -> 1269.3164 | N94: =SUM(N88:N93) -> 2 | O94: =+O88 -> 634.6582 | Q94: HABILITADO
B95: PROPONENTE: 17 | C95: =+'CONSOLIDADO PONDERABLES'!B25 -> CONSORCIO METROPOLI
A96: 1 | B96: CONSULTORÍA PARA LA INTERVENTORÍA TÉCNICA PARA LA REHABILITACIÓN Y MEJORAMIENTO DE LA VÍA PARALELA (TRANSVERSAL 8 Y CARRERA 7) ENTRE CARRERAS 13 CON AUTOPISTA SUR, BARRIO LA DESPENSA, HASTA LA CALLE 27 DEL CENTRO, EN EL MUNICIPIO DE SOACHA, CUNDINAMARCA | C96: ALCALDIA DE SOACHA | D96: 218 | E96: 2054.5025 | F96: CUMPLE | G96: CUMPLE | H96: =M101/1076.28362068966 -> 0 | J96: DEMUESTRA | K96: EN EL OBJETO: TECNICA, ADMINISTRATIVA, EN EL CONTRATO: AMBIENTAL. Y SST NO CUMPLE CON: PMT FINANCIERA LEGAL AMBIENTAL, SOCIAL . | L96: NO INCLUYE | O96: =IF(N101=0,"",M101/N101) | Q96: NO SE VALIDA
A97: 2 | B97: INTERVENTORÍA TECNICA, ADMINISTRATIVA, FINANCIERA, SOCIAL Y AMBIENTAL PARA LA CONSTRUCCIÓN Y REHABILITACIÓN DE RUTAS ALIMENTADORAS DEL SISTEMA TRANSMILENIO, ZONA 2, GRUPO 3, BOGOTÁ, CON FINANCIACIÓN BANCO MUNDIAL. (BRT BUS RAPID TRANSIT). | C97: IDU | D97: 124 | E97: 1801.9693 | H97: =(SUM(#REF!))/#REF! -> #REF! | J97: DEMUESTRA | K97: EN EL OBJETO: TECNICA, ADMINISTRATIVA, FINANCIERA LEGAL AMBIENTAL, EN EL CONTRATO: AMBIENTAL. NO CUMPLE CON: PMT SOCIAL Y SST. | L97: NO INCLUYE | Q97: NO SE VALIDA
A98: 3 | B98: INTERVENTORÍA PARA EL MEJORAMIENTO Y MANTENIMIENTO DE LA CARRETERA CEBADALCONSACA SANDONA PASTO EN EL TRAMO CONSACA SANDONA EN EL DEPARTAMENTO DE NARIÑO. | C98: INVIAS | D98: 77 | E98: 1515.8921 | J98: DEMUESTRA | K98: EN EL OBJETO: TECNICA, ADMINISTRATIVA, EN EL CONTRATO: AMBIENTAL. Y SST NO CUMPLE CON: PMT FINANCIERA LEGAL AMBIENTAL, SOCIAL . | L98: NO INCLUYE | Q98: NO SE VALIDA
A99: 4 | B99: IINTERVENTORÍA TÉCNICA, ADMINISTRATIVA, FINANCIERA Y AMBIENTAL PARA EL MEJORAMIENTO, MANTENIMIENTO Y CONSERVACIÓN DE VÍAS PARA CONECTIVIDAD REGIONAL, FINANCIADOS CON RECURSOS DE LA ENAJENACIÓN DE ISAGEN EN EL DEPARTAMENTO DE CALDAS, VÍA PUENTE HIERRO - NORCASIA.SEGUNDO ORDEN. 5,5 KMS. CARACTERIZACION VIAL. | C99: INVIAS | D99: 88 | E99: 521.16098 | J99: DEMUESTRA | K99: EN EL OBJETO: TECNICA, ADMINISTRATIVA, FINANCIERA LEGAL AMBIENTAL, EN EL CONTRATO: AMBIENTAL. NO CUMPLE CON: PMT SOCIAL Y SST. | L99: NO INCLUYE | Q99: NO SE VALIDA
A100: 5 | B100: INTERVENTORÍA PARA EL MANTENIMIENTO DE LA CARRETERA RUTA 4803, ANSERMANUEVO -CARTAGO, DEPARTAMENTO DEL VALLE DEL CAUCA. PRIMER ORDEN | C100: INVIAS | D100: 137 | E100: 226.78296 | H100: =(SUM(#REF!))/#REF! -> #REF! | J100: DEMUESTRA | K100: EN EL OBJETO: TECNICA, ADMINISTRATIVA, EN EL CONTRATO: AMBIENTAL. Y SST NO CUMPLE CON: PMT FINANCIERA LEGAL AMBIENTAL, SOCIAL . | L100: NO INCLUYE | Q100: NO SE VALIDA
E101: =SUM(E96:E100) -> 6120.3079 | F101: =+F96 -> CUMPLE | G101: =+G96 -> CUMPLE | H101: =IF(H96>=100%,"CUMPLE","NO CUMPLE") -> NO CUMPLE | L101: NO CUMPLE | M101: =SUM(M96:M100) -> 0 | N101: =SUM(N96:N100) -> 0 | O101: =+O96 | Q101: NO HABILITADO
B102: PROPONENTE: 18 | C102: =+'CONSOLIDADO PONDERABLES'!B26 -> CONSORCIO GS
A103: 1 | B103: INTERVENTORIA DE LAS OBRAS DE MEJORAMIENTO Y MANTENIMIENTO DE LA CARRETERA FRESNO - HONDA RUTA 5007, DEPARTAMENTO DEL TOLIMA. | C103: INVIAS | D103: 16 | E103: 711.36127 | F103: CUMPLE | G103: CUMPLE | H103: =M106/1076.28362068966 -> 0 | J103: DEMUESTRA | K103: EN EL OBJETO: TECNICA, ADMINISTRATIVA, EN EL CONTRATO: AMBIENTAL. Y SST NO CUMPLE CON: PMT FINANCIERA LEGAL AMBIENTAL, SOCIAL . | L103: NO INCLUYE | O103: =IF(N106=0,"",M106/N106) | Q103: NO SE VALIDA
...

Sheet EVA HABILITANTE PROFESIONALES 
A1: FONDO DE DESARROLLO LOCAL DE USAQUEN
A2: =+#REF! -> #REF!
A3: REQUISITOS HABILITANTES TÉCNICOS PROFESIONALES DIRECTOR Y RESIDENTE
A6: =+#REF! -> #REF! | D6: =+#REF! -> #REF!
A7: CONDICIONES DE EXPERIENCIA | D7: CONDICION DIRECTOR DE INTERVENTORIA | F7: CONDICION RESIDENTE | G7: Observación y respuesta a observaciones
A8: Objeto del Contrato | B8: Empleador | C8: Cargo | D8: Postgrado en gerencia de proyectos o gerencia de construccion, o gerencia de obras o gerencia de empresas constructoras o similares | E8: Experiencia General (6 años general / 4 CONTRATOS especificos director) | F8: Experiencia MINIMA DE 3 AÑOS Y 1 CONTRATO ESPECIFICAO COMO RESIDENTE
A16: EXPERIENCIA DEL DIRECTOR | D16: CUMPLE | E16: CUMPLE | F16: N/A | G16: CUMPLE
A23: EXPERIENCIA DEL RESIDENTE 1 | D23: N/A | E23: N/A | F23: CUMPLE | G23: CUMPLE
A30: EXPERIENCIA DEL RESIDENTE 2 | D30: N/A | E30: N/A | F30: CUMPLE | G30: CUMPLE
A32: =+#REF! -> #REF! | D32: =+#REF! -> #REF!
A33: CONDICIONES DE EXPERIENCIA | D33: CONDICION DIRECTOR DE INTERVENTORIA | F33: CONDICION RESIDENTE | G33: Observación y respuesta a observaciones
A34: Objeto del Contrato | B34: Empleador | C34: Cargo | D34: Postgrado en gerencia de proyectos o gerencia de construccion, o gerencia de obras o gerencia de empresas constructoras o similares | E34: Experiencia General (6 años general / 4 CONTRATOS especificos director) | F34: Experiencia MINIMA DE 3 AÑOS Y 1 CONTRATO ESPECIFICAO COMO RESIDENTE
A42: EXPERIENCIA DEL DIRECTOR | D42: CUMPLE | E42: CUMPLE | F42: N/A | G42: CUMPLE
A49: EXPERIENCIA DEL RESIDENTE 1 | D49: N/A | E49: N/A | F49: CUMPLE | G49: CUMPLE
A56: EXPERIENCIA DEL RESIDENTE 2 | D56: N/A | E56: N/A | F56: CUMPLE | G56: CUMPLE
A58: =+#REF! -> #REF! | D58: =+#REF! -> #REF!
A59: CONDICIONES DE EXPERIENCIA | D59: CONDICION DIRECTOR DE INTERVENTORIA | F59: CONDICION RESIDENTE | G59: Observación y respuesta a observaciones
A60: Objeto del Contrato | B60: Empleador | C60: Cargo | D60: Postgrado en gerencia de proyectos o gerencia de construccion, o gerencia de obras o gerencia de empresas constructoras o similares | E60: Experiencia General (6 años general / 4 CONTRATOS especificos director) | F60: Experiencia MINIMA DE 3 AÑOS Y 1 CONTRATO ESPECIFICAO COMO RESIDENTE
A68: EXPERIENCIA DEL DIRECTOR | D68: CUMPLE | E68: CUMPLE | F68: N/A | G68: CUMPLE
A75: EXPERIENCIA DEL RESIDENTE 1 | D75: N/A | E75: N/A | F75: CUMPLE | G75: CUMPLE
A82: EXPERIENCIA DEL RESIDENTE 2 | D82: N/A | E82: N/A | F82: CUMPLE | G82: CUMPLE
A84: =+#REF! -> #REF! | D84: =+#REF! -> #REF!
A85: CONDICIONES DE EXPERIENCIA | D85: CONDICION DIRECTOR DE INTERVENTORIA | F85: CONDICION RESIDENTE | G85: Observación y respuesta a observaciones
A86: Objeto del Contrato | B86: Empleador | C86: Cargo | D86: Postgrado en gerencia de proyectos o gerencia de construccion, o gerencia de obras o gerencia de empresas constructoras o similares | E86: Experiencia General (6 años general / 4 CONTRATOS especificos director) | F86: Experiencia MINIMA DE 3 AÑOS Y 1 CONTRATO ESPECIFICAO COMO RESIDENTE
A94: EXPERIENCIA DEL DIRECTOR | D94: CUMPLE | E94: CUMPLE | F94: N/A | G94: CUMPLE
A101: EXPERIENCIA DEL RESIDENTE 1 | D101: N/A | E101: N/A | F101: CUMPLE | G101: CUMPLE
A108: EXPERIENCIA DEL RESIDENTE 2 | D108: N/A | E108: N/A | F108: CUMPLE | G108: CUMPLE
A110: =+#REF! -> #REF! | D110: =+#REF! -> #REF!
A111: CONDICIONES DE EXPERIENCIA | D111: CONDICION DIRECTOR DE INTERVENTORIA | F111: CONDICION RESIDENTE | G111: Observación y respuesta a observaciones
A112: Objeto del Contrato | B112: Empleador | C112: Cargo | D112: Postgrado en gerencia de proyectos o gerencia de construccion, o gerencia de obras o gerencia de empresas constructoras o similares | E112: Experiencia General (6 años general / 4 CONTRATOS especificos director) | F112: Experiencia MINIMA DE 3 AÑOS Y 1 CONTRATO ESPECIFICAO COMO RESIDENTE
A120: EXPERIENCIA DEL DIRECTOR | D120: CUMPLE | E120: CUMPLE | F120: N/A | G120: CUMPLE
A127: EXPERIENCIA DEL RESIDENTE 1 | D127: N/A | E127: N/A | F127: CUMPLE | G127: CUMPLE
A134: EXPERIENCIA DEL RESIDENTE 2 | D134: N/A | E134: N/A | F134: CUMPLE | G134: CUMPLE
A136: =+#REF! -> #REF! | D136: =+#REF! -> #REF!
A137: CONDICIONES DE EXPERIENCIA | D137: CONDICION DIRECTOR DE INTERVENTORIA | F137: CONDICION RESIDENTE | G137: Observación y respuesta a observaciones
A138: Objeto del Contrato | B138: Empleador | C138: Cargo | D138: Postgrado en gerencia de proyectos o gerencia de construccion, o gerencia de obras o gerencia de empresas constructoras o similares | E138: Experiencia General (6 años general / 4 CONTRATOS especificos director) | F138: Experiencia MINIMA DE 3 AÑOS Y 1 CONTRATO ESPECIFICAO COMO RESIDENTE
A146: EXPERIENCIA DEL DIRECTOR | D146: CUMPLE | E146: CUMPLE | F146: N/A | G146: CUMPLE
A153: EXPERIENCIA DEL RESIDENTE 1 | D153: N/A | E153: N/A | F153: CUMPLE | G153: CUMPLE
A160: EXPERIENCIA DEL RESIDENTE 2 | D160: N/A | E160: N/A | F160: CUMPLE | G160: CUMPLE
A162: =+#REF! -> #REF! | D162: =+#REF! -> #REF!
A163: CONDICIONES DE EXPERIENCIA | D163: CONDICION DIRECTOR DE INTERVENTORIA | F163: CONDICION RESIDENTE | G163: Observación y respuesta a observaciones
A164: Objeto del Contrato | B164: Empleador | C164: Cargo | D164: Postgrado en gerencia de proyectos o gerencia de construccion, o gerencia de obras o gerencia de empresas constructoras o similares | E164: Experiencia General (6 años general / 4 CONTRATOS especificos director) | F164: Experiencia MINIMA DE 3 AÑOS Y 1 CONTRATO ESPECIFICAO COMO RESIDENTE
A172: EXPERIENCIA DEL DIRECTOR | D172: CUMPLE | E172: CUMPLE | F172: N/A | G172: CUMPLE
A179: EXPERIENCIA DEL RESIDENTE 1 | D179: N/A | E179: N/A | F179: CUMPLE | G179: CUMPLE
A186: EXPERIENCIA DEL RESIDENTE 2 | D186: N/A | E186: N/A | F186: CUMPLE | G186: CUMPLE
A188: =+#REF! -> #REF! | D188: =+#REF! -> #REF!
A189: CONDICIONES DE EXPERIENCIA | D189: CONDICION DIRECTOR DE INTERVENTORIA | F189: CONDICION RESIDENTE | G189: Observación y respuesta a observaciones
A190: Objeto del Contrato | B190: Empleador | C190: Cargo | D190: Postgrado en gerencia de proyectos o gerencia de construccion, o gerencia de obras o gerencia de empresas constructoras o similares | E190: Experiencia General (6 años general / 4 CONTRATOS especificos director) | F190: Experiencia MINIMA DE 3 AÑOS Y 1 CONTRATO ESPECIFICAO COMO RESIDENTE
A198: EXPERIENCIA DEL DIRECTOR | D198: CUMPLE | E198: CUMPLE | F198: N/A | G198: CUMPLE
A205: EXPERIENCIA DEL RESIDENTE 1 | D205: N/A | E205: N/A | F205: CUMPLE | G205: CUMPLE
A212: EXPERIENCIA DEL RESIDENTE 2 | D212: N/A | E212: N/A | F212: CUMPLE | G212: CUMPLE
A214: =+#REF! -> #REF! | D214: =+#REF! -> #REF!
A215: CONDICIONES DE EXPERIENCIA | D215: CONDICION DIRECTOR DE INTERVENTORIA | F215: CONDICION RESIDENTE | G215: Observación y respuesta a observaciones
A216: Objeto del Contrato | B216: Empleador | C216: Cargo | D216: Postgrado en gerencia de proyectos o gerencia de construccion, o gerencia de obras o gerencia de empresas constructoras o similares | E216: Experiencia General (6 años general / 4 CONTRATOS especificos director) | F216: Experiencia MINIMA DE 3 AÑOS Y 1 CONTRATO ESPECIFICAO COMO RESIDENTE
A224: EXPERIENCIA DEL DIRECTOR | D224: CUMPLE | E224: CUMPLE | F224: N/A | G224: CUMPLE
A231: EXPERIENCIA DEL RESIDENTE 1 | D231: N/A | E231: N/A | F231: CUMPLE | G231: CUMPLE
A238: EXPERIENCIA DEL RESIDENTE 2 | D238: N/A | E238: N/A | F238: CUMPLE | G238: CUMPLE
A240: =+#REF! -> #REF! | D240: =+#REF! -> #REF!
A241: CONDICIONES DE EXPERIENCIA | D241: CONDICION DIRECTOR DE INTERVENTORIA | F241: CONDICION RESIDENTE | G241: Observación y respuesta a observaciones
A242: Objeto del Contrato | B242: Empleador | C242: Cargo | D242: Postgrado en gerencia de proyectos o gerencia de construccion, o gerencia de obras o gerencia de empresas constructoras o similares | E242: Experiencia General (6 años general / 4 CONTRATOS especificos director) | F242: Experiencia MINIMA DE 3 AÑOS Y 1 CONTRATO ESPECIFICAO COMO RESIDENTE
A250: EXPERIENCIA DEL DIRECTOR | D250: CUMPLE | E250: CUMPLE | F250: N/A | G250: CUMPLE
A257: EXPERIENCIA DEL RESIDENTE 1 | D257: N/A | E257: N/A | F257: CUMPLE | G257: CUMPLE
A264: EXPERIENCIA DEL RESIDENTE 2 | D264: N/A | E264: N/A | F264: CUMPLE | G264: CUMPLE
A266: =+#REF! -> #REF! | D266: =+#REF! -> #REF!
A267: CONDICIONES DE EXPERIENCIA | D267: CONDICION DIRECTOR DE INTERVENTORIA | F267: CONDICION RESIDENTE | G267: Observación y respuesta a observaciones
A268: Objeto del Contrato | B268: Empleador | C268: Cargo | D268: Postgrado en gerencia de proyectos o gerencia de construccion, o gerencia de obras o gerencia de empresas constructoras o similares | E268: Experiencia General (6 años general / 4 CONTRATOS especificos director) | F268: Experiencia MINIMA DE 3 AÑOS Y 1 CONTRATO ESPECIFICAO COMO RESIDENTE
A276: EXPERIENCIA DEL DIRECTOR | D276: CUMPLE | E276: CUMPLE | F276: N/A | G276: CUMPLE
A283: EXPERIENCIA DEL RESIDENTE 1 | D283: N/A | E283: N/A | F283: CUMPLE | G283: CUMPLE
A290: EXPERIENCIA DEL RESIDENTE 2 | D290: N/A | E290: N/A | F290: CUMPLE | G290: CUMPLE
A292: =+#REF! -> #REF! | D292: =+#REF! -> #REF!
A293: CONDICIONES DE EXPERIENCIA | D293: CONDICION DIRECTOR DE INTERVENTORIA | F293: CONDICION RESIDENTE | G293: Observación y respuesta a observaciones
A294: Objeto del Contrato | B294: Empleador | C294: Cargo | D294: Postgrado en gerencia de proyectos o gerencia de construccion, o gerencia de obras o gerencia de empresas constructoras o similares | E294: Experiencia General (6 años general / 4 CONTRATOS especificos director) | F294: Experiencia MINIMA DE 3 AÑOS Y 1 CONTRATO ESPECIFICAO COMO RESIDENTE
A302: EXPERIENCIA DEL DIRECTOR | D302: CUMPLE | E302: CUMPLE | F302: N/A | G302: CUMPLE
A309: EXPERIENCIA DEL RESIDENTE 1 | D309: N/A | E309: N/A | F309: CUMPLE | G309: CUMPLE
A316: EXPERIENCIA DEL RESIDENTE 2 | D316: N/A | E316: N/A | F316: CUMPLE | G316: CUMPLE
A318: =+#REF! -> #REF! | D318: =+#REF! -> #REF!
A319: CONDICIONES DE EXPERIENCIA | D319: CONDICION DIRECTOR DE INTERVENTORIA | F319: CONDICION RESIDENTE | G319: Observación y respuesta a observaciones
A320: Objeto del Contrato | B320: Empleador | C320: Cargo | D320: Postgrado en gerencia de proyectos o gerencia de construccion, o gerencia de obras o gerencia de empresas constructoras o similares | E320: Experiencia General (6 años general / 4 CONTRATOS especificos director) | F320: Experiencia MINIMA DE 3 AÑOS Y 1 CONTRATO ESPECIFICAO COMO RESIDENTE
A328: EXPERIENCIA DEL DIRECTOR | D328: CUMPLE | E328: CUMPLE | F328: N/A | G328: CUMPLE
A335: EXPERIENCIA DEL RESIDENTE 1 | D335: N/A | E335: N/A | F335: CUMPLE | G335: CUMPLE
A342: EXPERIENCIA DEL RESIDENTE 2 | D342: N/A | E342: N/A | F342: CUMPLE | G342: CUMPLE
A344: =+#REF! -> #REF! | D344: =+#REF! -> #REF!
A345: CONDICIONES DE EXPERIENCIA | D345: CONDICION DIRECTOR DE INTERVENTORIA | F345: CONDICION RESIDENTE | G345: Observación y respuesta a observaciones
A346: Objeto del Contrato | B346: Empleador | C346: Cargo | D346: Postgrado en gerencia de proyectos o gerencia de construccion, o gerencia de obras o gerencia de empresas constructoras o similares | E346: Experiencia General (6 años general / 4 CONTRATOS especificos director) | F346: Experiencia MINIMA DE 3 AÑOS Y 1 CONTRATO ESPECIFICAO COMO RESIDENTE
A354: EXPERIENCIA DEL DIRECTOR | D354: CUMPLE | E354: CUMPLE | F354: N/A | G354: CUMPLE
A361: EXPERIENCIA DEL RESIDENTE 1 | D361: N/A | E361: N/A | F361: CUMPLE | G361: CUMPLE
A368: EXPERIENCIA DEL RESIDENTE 2 | D368: N/A | E368: N/A | F368: CUMPLE | G368: CUMPLE
A370: =+#REF! -> #REF! | D370: =+#REF! -> #REF!
A371: CONDICIONES DE EXPERIENCIA | D371: CONDICION DIRECTOR DE INTERVENTORIA | F371: CONDICION RESIDENTE | G371: Observación y respuesta a observaciones
A372: Objeto del Contrato | B372: Empleador | C372: Cargo | D372: Postgrado en gerencia de proyectos o gerencia de construccion, o gerencia de obras o gerencia de empresas constructoras o similares | E372: Experiencia General (6 años general / 4 CONTRATOS especificos director) | F372: Experiencia MINIMA DE 3 AÑOS Y 1 CONTRATO ESPECIFICAO COMO RESIDENTE
A380: EXPERIENCIA DEL DIRECTOR | D380: CUMPLE | E380: CUMPLE | F380: N/A | G380: CUMPLE
A387: EXPERIENCIA DEL RESIDENTE 1 | D387: N/A | E387: N/A | F387: CUMPLE | G387: CUMPLE
A394: EXPERIENCIA DEL RESIDENTE 2 | D394: N/A | E394: N/A | F394: CUMPLE | G394: CUMPLE
A396: =+#REF! -> #REF! | D396: =+#REF! -> #REF!
A397: CONDICIONES DE EXPERIENCIA | D397: CONDICION DIRECTOR DE INTERVENTORIA | F397: CONDICION RESIDENTE | G397: Observación y respuesta a observaciones
A398: Objeto del Contrato | B398: Empleador | C398: Cargo | D398: Postgrado en gerencia de proyectos o gerencia de construccion, o gerencia de obras o gerencia de empresas constructoras o similares | E398: Experiencia General (6 años general / 4 CONTRATOS especificos director) | F398: Experiencia MINIMA DE 3 AÑOS Y 1 CONTRATO ESPECIFICAO COMO RESIDENTE
A406: EXPERIENCIA DEL DIRECTOR | D406: CUMPLE | E406: CUMPLE | F406: N/A | G406: CUMPLE
A413: EXPERIENCIA DEL RESIDENTE 1 | D413: N/A | E413: N/A | F413: CUMPLE | G413: CUMPLE
A420: EXPERIENCIA DEL RESIDENTE 2 | D420: N/A | E420: N/A | F420: CUMPLE | G420: CUMPLE
A422: =+#REF! -> #REF! | D422: =+#REF! -> #REF!
...

Sheet PONDERACIÓN PROPONENTE
A1: FONDO DE DESARROLLO LOCAL DE USAQUEN
A2: =+#REF! -> #REF!
A3: PONDERACION ADICIONAL PROPONENTE TÉCNICOS | Z3: CUMPLE
Z4: NO CUMPLE
A6: =+#REF! -> #REF! | D6: =+#REF! -> #REF!
A7: FORMATO 7- MANIFESTACIÓN PERSONAL CLAVE Y FORMATOS | C7: CUMPLE
A9: CONDICIONES DE EXPERIENCIA | M9: CODIGO UNSPSC 81101500 - 80102200 -80101600 | N9: Observación y respuesta a observaciones
A10: OBJETO | B10: FECHA DE INICIO D/M/A | C10: FECHA DE TERMINACION D/M/A | D10: ENTIDAD | E10: VALOR CONTRATO | F10: VALOR EN SMMLV AÑO DE TERMINACION | G10: PORCENTAJE DE PARTICIPACION | H10: VALOR EJECUTADO EN PESOS AFECTADO POR EL % DE PARTICIPACION | I10: VALOR EJECUTADO EN SMMLV AFECTADO POR EL % DE PARTICIPACION | J10: No. CONSECUTIVO EN RUP | K10: uno de los integrantes del Proponente debe aportar como mínimo el cincuenta (50%) por ciento de la experiencia | L10: % DEL PROCESO
A11: INTERCONDI SAS 100%
F12: =IF(C12="","",E12/(VLOOKUP(YEAR(C12),$C$805:$D$841,2,FALSE))) | H12: =+E12*G12 -> 0 | I12: =+IF(E12="","",F12*G12) | L12: =(SUM(I12:I13))/$C$791 -> 0 | P12: =IF(L799="","",#REF!/(VLOOKUP(YEAR(#REF!),$XEU$1045872:$XEV$1045907,2,FALSE)))
F13: =IF(C13="","",E13/(VLOOKUP(YEAR(C13),$C$805:$D$841,2,FALSE))) | H13: 0 | I13: =+IF(E13="","",F13*G13)
A14: EXPERIENCIA DEL PROPONENTE | L14: =IF(AND(L12>=100%),"CUMPLE","NO CUMPLE") -> NO CUMPLE | N14: NO CUMPLE
A17: =+#REF! -> #REF! | D17: =+#REF! -> #REF!
A18: FORMATO 7- MANIFESTACIÓN PERSONAL CLAVE Y FORMATOS | C18: NO CUMPLE
A20: CONDICIONES DE EXPERIENCIA | M20: CODIGO UNSPSC 81101500 - 80102200 -80101600 | N20: Observación y respuesta a observaciones
A21: OBJETO | B21: FECHA DE INICIO D/M/A | C21: FECHA DE TERMINACION D/M/A | D21: ENTIDAD | E21: VALOR CONTRATO | F21: VALOR EN SMMLV AÑO DE TERMINACION | G21: PORCENTAJE DE PARTICIPACION | H21: VALOR EJECUTADO EN PESOS AFECTADO POR EL % DE PARTICIPACION | I21: VALOR EJECUTADO EN SMMLV AFECTADO POR EL % DE PARTICIPACION | J21: No. CONSECUTIVO EN RUP | K21: uno de los integrantes del Proponente debe aportar como mínimo el cincuenta (50%) por ciento de la experiencia | L21: % DEL PROCESO
A22: CEAS SAS 100%
F23: =IF(C23="","",E23/(VLOOKUP(YEAR(C23),$C$805:$D$841,2,FALSE))) | H23: =+E23*G23 -> 0 | I23: =+IF(E23="","",F23*G23) | L23: =(SUM(I23:I26))/$C$791 -> 0 | P23: =IF(L810="","",#REF!/(VLOOKUP(YEAR(#REF!),$XEU$1045872:$XEV$1045907,2,FALSE)))
F24: =IF(C24="","",E24/(VLOOKUP(YEAR(C24),$C$805:$D$841,2,FALSE))) | H24: 0 | I24: =+IF(E24="","",F24*G24)
F25: =IF(C25="","",E25/(VLOOKUP(YEAR(C25),$C$805:$D$841,2,FALSE))) | H25: =+E25*G25 -> 0 | I25: =+IF(E25="","",F25*G25) | P25: =IF(L812="","",#REF!/(VLOOKUP(YEAR(#REF!),$XEU$1045872:$XEV$1045907,2,FALSE)))
F26: =IF(C26="","",E26/(VLOOKUP(YEAR(C26),$C$805:$D$841,2,FALSE))) | H26: 0 | I26: =+IF(E26="","",F26*G26)
A27: EXPERIENCIA DEL PROPONENTE | L27: =IF(AND(L23>=100%),"CUMPLE","NO CUMPLE") -> NO CUMPLE | N27: NO CUMPLE
A30: =+#REF! -> #REF! | D30: =+#REF! -> #REF!
A31: FORMATO 7- MANIFESTACIÓN PERSONAL CLAVE Y FORMATOS | C31: NO CUMPLE
A33: CONDICIONES DE EXPERIENCIA | M33: CODIGO UNSPSC 81101500 - 80102200 -80101600 | N33: Observación y respuesta a observaciones
A34: OBJETO | B34: FECHA DE INICIO D/M/A | C34: FECHA DE TERMINACION D/M/A | D34: ENTIDAD | E34: VALOR CONTRATO | F34: VALOR EN SMMLV AÑO DE TERMINACION | G34: PORCENTAJE DE PARTICIPACION | H34: VALOR EJECUTADO EN PESOS AFECTADO POR EL % DE PARTICIPACION | I34: VALOR EJECUTADO EN SMMLV AFECTADO POR EL % DE PARTICIPACION | J34: No. CONSECUTIVO EN RUP | K34: uno de los integrantes del Proponente debe aportar como mínimo el cincuenta (50%) por ciento de la experiencia | L34: % DEL PROCESO
A35: DPC INGENIEROS S.A.S. 60%
F36: =IF(C36="","",E36/(VLOOKUP(YEAR(C36),$C$805:$D$841,2,FALSE))) | H36: =+E36*G36 -> 0 | I36: =+IF(E36="","",F36*G36) | L36: =(SUM(I36:I37))/$C$791 -> 0 | P36: =IF(L823="","",#REF!/(VLOOKUP(YEAR(#REF!),$XEU$1045872:$XEV$1045907,2,FALSE)))
F37: =IF(C37="","",E37/(VLOOKUP(YEAR(C37),$C$805:$D$841,2,FALSE))) | H37: 0 | I37: =+IF(E37="","",F37*G37)
A38: FRONTERAS CONSTRUCTORA S.A.S. 40%
A39: EXPERIENCIA DEL PROPONENTE | L39: =IF(AND(L36>=100%),"CUMPLE","NO CUMPLE") -> NO CUMPLE | N39: NO CUMPLE
A42: =+#REF! -> #REF! | D42: =+#REF! -> #REF!
A43: FORMATO 7- MANIFESTACIÓN PERSONAL CLAVE Y FORMATOS | C43: CUMPLE
A45: CONDICIONES DE EXPERIENCIA | M45: CODIGO UNSPSC 81101500 - 80102200 -80101600 | N45: Observación y respuesta a observaciones
A46: OBJETO | B46: FECHA DE INICIO D/M/A | C46: FECHA DE TERMINACION D/M/A | D46: ENTIDAD | E46: VALOR CONTRATO | F46: VALOR EN SMMLV AÑO DE TERMINACION | G46: PORCENTAJE DE PARTICIPACION | H46: VALOR EJECUTADO EN PESOS AFECTADO POR EL % DE PARTICIPACION | I46: VALOR EJECUTADO EN SMMLV AFECTADO POR EL % DE PARTICIPACION | J46: No. CONSECUTIVO EN RUP | K46: uno de los integrantes del Proponente debe aportar como mínimo el cincuenta (50%) por ciento de la experiencia | L46: % DEL PROCESO
A47: NORBERTO BAYONA ESPITIA 100%
F48: =IF(C48="","",E48/(VLOOKUP(YEAR(C48),$C$805:$D$841,2,FALSE))) | H48: =+E48*G48 -> 0 | I48: =+IF(E48="","",F48*G48) | L48: =(SUM(I48:I49))/$C$791 -> 0 | P48: =IF(L835="","",#REF!/(VLOOKUP(YEAR(#REF!),$XEU$1045872:$XEV$1045907,2,FALSE)))
F49: =IF(C49="","",E49/(VLOOKUP(YEAR(C49),$C$805:$D$841,2,FALSE))) | H49: 0 | I49: =+IF(E49="","",F49*G49)
A50: EXPERIENCIA DEL PROPONENTE | L50: =IF(AND(L48>=100%),"CUMPLE","NO CUMPLE") -> NO CUMPLE | N50: NO CUMPLE
A53: =+#REF! -> #REF! | D53: =+#REF! -> #REF!
A54: FORMATO 7- MANIFESTACIÓN PERSONAL CLAVE Y FORMATOS | C54: NO CUMPLE
A56: CONDICIONES DE EXPERIENCIA | M56: CODIGO UNSPSC 81101500 - 80102200 -80101600 | N56: Observación y respuesta a observaciones
A57: OBJETO | B57: FECHA DE INICIO D/M/A | C57: FECHA DE TERMINACION D/M/A | D57: ENTIDAD | E57: VALOR CONTRATO | F57: VALOR EN SMMLV AÑO DE TERMINACION | G57: PORCENTAJE DE PARTICIPACION | H57: VALOR EJECUTADO EN PESOS AFECTADO POR EL % DE PARTICIPACION | I57: VALOR EJECUTADO EN SMMLV AFECTADO POR EL % DE PARTICIPACION | J57: No. CONSECUTIVO EN RUP | K57: uno de los integrantes del Proponente debe aportar como mínimo el cincuenta (50%) por ciento de la experiencia | L57: % DEL PROCESO
A58: CONSTRUCCIONES AXIOMA LTDA. 50%
F59: =IF(C59="","",E59/(VLOOKUP(YEAR(C59),$C$805:$D$841,2,FALSE))) | H59: =+E59*G59 -> 0 | I59: =+IF(E59="","",F59*G59) | L59: =(SUM(I59:I64))/$C$791 -> 0 | P59: =IF(L831="","",#REF!/(VLOOKUP(YEAR(#REF!),$XEU$1045872:$XEV$1045907,2,FALSE)))
F60: =IF(C60="","",E60/(VLOOKUP(YEAR(C60),$C$805:$D$841,2,FALSE))) | H60: 0 | I60: =+IF(E60="","",F60*G60)
F61: =IF(C61="","",E61/(VLOOKUP(YEAR(C61),$C$805:$D$841,2,FALSE))) | H61: 0 | I61: =+IF(E61="","",F61*G61)
F62: =IF(C62="","",E62/(VLOOKUP(YEAR(C62),$C$805:$D$841,2,FALSE))) | H62: 0 | I62: =+IF(E62="","",F62*G62)
A63: ALVARO AUGUSTO VERGARA GONGORA 50%
F64: =IF(C64="","",E64/(VLOOKUP(YEAR(C64),$C$805:$D$841,2,FALSE))) | H64: 0 | I64: =+IF(E64="","",F64*G64)
A65: EXPERIENCIA DEL PROPONENTE | L65: =IF(AND(L59>=100%),"CUMPLE","NO CUMPLE") -> NO CUMPLE | N65: NO CUMPLE
A68: =+#REF! -> #REF! | D68: =+#REF! -> #REF!
A69: FORMATO 7- MANIFESTACIÓN PERSONAL CLAVE Y FORMATOS | C69: NO CUMPLE
A71: CONDICIONES DE EXPERIENCIA | M71: CODIGO UNSPSC 81101500 - 80102200 -80101600 | N71: Observación y respuesta a observaciones
A72: OBJETO | B72: FECHA DE INICIO D/M/A | C72: FECHA DE TERMINACION D/M/A | D72: ENTIDAD | E72: VALOR CONTRATO | F72: VALOR EN SMMLV AÑO DE TERMINACION | G72: PORCENTAJE DE PARTICIPACION | H72: VALOR EJECUTADO EN PESOS AFECTADO POR EL % DE PARTICIPACION | I72: VALOR EJECUTADO EN SMMLV AFECTADO POR EL % DE PARTICIPACION | J72: No. CONSECUTIVO EN RUP | K72: uno de los integrantes del Proponente debe aportar como mínimo el cincuenta (50%) por ciento de la experiencia | L72: % DEL PROCESO
A73: BRAIN INGENIERÍA VIAL S.A.S 34%
F74: =IF(C74="","",E74/(VLOOKUP(YEAR(C74),$C$805:$D$841,2,FALSE))) | H74: =+E74*G74 -> 0 | I74: =+IF(E74="","",F74*G74) | P74: =IF(L846="","",#REF!/(VLOOKUP(YEAR(#REF!),$XEU$1045872:$XEV$1045907,2,FALSE)))
A75: ENRIQUE HERNANDO PRIETO ACEVEDO 33%
F76: =IF(C76="","",E76/(VLOOKUP(YEAR(C76),$C$805:$D$841,2,FALSE))) | H76: 0 | I76: =+IF(E76="","",F76*G76) | L76: =(SUM(I74:I79))/$C$791 -> 0
F77: =IF(C77="","",E77/(VLOOKUP(YEAR(C77),$C$805:$D$841,2,FALSE))) | H77: 0 | I77: =+IF(E77="","",F77*G77)
A78: INPROTEKTO LIMITADA 33%
F79: =IF(C79="","",E79/(VLOOKUP(YEAR(C79),$C$805:$D$841,2,FALSE))) | H79: 0 | I79: =+IF(E79="","",F79*G79)
A80: EXPERIENCIA DEL PROPONENTE | L80: =IF(AND(L76>=100%),"CUMPLE","NO CUMPLE") -> NO CUMPLE | N80: NO CUMPLE
A83: =+#REF! -> #REF! | D83: =+#REF! -> #REF!
A84: FORMATO 7- MANIFESTACIÓN PERSONAL CLAVE Y FORMATOS | C84: CUMPLE
A86: CONDICIONES DE EXPERIENCIA | M86: CODIGO UNSPSC 81101500 - 80102200 -80101600 | N86: Observación y respuesta a observaciones
A87: OBJETO | B87: FECHA DE INICIO D/M/A | C87: FECHA DE TERMINACION D/M/A | D87: ENTIDAD | E87: VALOR CONTRATO | F87: VALOR EN SMMLV AÑO DE TERMINACION | G87: PORCENTAJE DE PARTICIPACION | H87: VALOR EJECUTADO EN PESOS AFECTADO POR EL % DE PARTICIPACION | I87: VALOR EJECUTADO EN SMMLV AFECTADO POR EL % DE PARTICIPACION | J87: No. CONSECUTIVO EN RUP | K87: uno de los integrantes del Proponente debe aportar como mínimo el cincuenta (50%) por ciento de la experiencia | L87: % DEL PROCESO
A88: INGECO SAS 100%
F89: =IF(C89="","",E89/(VLOOKUP(YEAR(C89),$C$805:$D$841,2,FALSE))) | H89: =+E89*G89 -> 0 | I89: =+IF(E89="","",F89*G89) | L89: =(SUM(I89:I90))/$C$791 -> 0 | P89: =IF(L876="","",#REF!/(VLOOKUP(YEAR(#REF!),$XEU$1045872:$XEV$1045907,2,FALSE)))
F90: =IF(C90="","",E90/(VLOOKUP(YEAR(C90),$C$805:$D$841,2,FALSE))) | H90: 0 | I90: =+IF(E90="","",F90*G90)
A91: EXPERIENCIA DEL PROPONENTE | L91: =IF(AND(L89>=100%),"CUMPLE","NO CUMPLE") -> NO CUMPLE | N91: NO CUMPLE
A94: =+#REF! -> #REF! | D94: =+#REF! -> #REF!
A95: FORMATO 7- MANIFESTACIÓN PERSONAL CLAVE Y FORMATOS | C95: NO CUMPLE
A97: CONDICIONES DE EXPERIENCIA | M97: CODIGO UNSPSC 81101500 - 80102200 -80101600 | N97: Observación y respuesta a observaciones
A98: OBJETO | B98: FECHA DE INICIO D/M/A | C98: FECHA DE TERMINACION D/M/A | D98: ENTIDAD | E98: VALOR CONTRATO | F98: VALOR EN SMMLV AÑO DE TERMINACION | G98: PORCENTAJE DE PARTICIPACION | H98: VALOR EJECUTADO EN PESOS AFECTADO POR EL % DE PARTICIPACION | I98: VALOR EJECUTADO EN SMMLV AFECTADO POR EL % DE PARTICIPACION | J98: No. CONSECUTIVO EN RUP | K98: uno de los integrantes del Proponente debe aportar como mínimo el cincuenta (50%) por ciento de la experiencia | L98: % DEL PROCESO
A99: CONSULTORES DONOVAN SAS 50%
F100: =IF(C100="","",E100/(VLOOKUP(YEAR(C100),$C$805:$D$841,2,FALSE))) | H100: =+E100*G100 -> 0 | I100: =+IF(E100="","",F100*G100) | L100: =(SUM(I100:I104))/$C$791 -> 0 | P100: =IF(L872="","",#REF!/(VLOOKUP(YEAR(#REF!),$XEU$1045872:$XEV$1045907,2,FALSE)))
F101: =IF(C101="","",E101/(VLOOKUP(YEAR(C101),$C$805:$D$841,2,FALSE))) | H101: 0 | I101: =+IF(E101="","",F101*G101)
F102: =IF(C102="","",E102/(VLOOKUP(YEAR(C102),$C$805:$D$841,2,FALSE))) | H102: 0 | I102: =+IF(E102="","",F102*G102)
F103: =IF(C103="","",E103/(VLOOKUP(YEAR(C103),$C$805:$D$841,2,FALSE))) | H103: 0 | I103: =+IF(E103="","",F103*G103)
A104: ARENAS DE LA HOZ INGENIERIA SAS 50%
A105: EXPERIENCIA DEL PROPONENTE | L105: =IF(AND(L100>=100%),"CUMPLE","NO CUMPLE") -> NO CUMPLE | N105: NO CUMPLE
A108: =+#REF! -> #REF! | D108: =+#REF! -> #REF!
A109: FORMATO 7- MANIFESTACIÓN PERSONAL CLAVE Y FORMATOS | C109: NO CUMPLE
A111: CONDICIONES DE EXPERIENCIA | M111: CODIGO UNSPSC 81101500 - 80102200 -80101600 | N111: Observación y respuesta a observaciones
A112: OBJETO | B112: FECHA DE INICIO D/M/A | C112: FECHA DE TERMINACION D/M/A | D112: ENTIDAD | E112: VALOR CONTRATO | F112: VALOR EN SMMLV AÑO DE TERMINACION | G112: PORCENTAJE DE PARTICIPACION | H112: VALOR EJECUTADO EN PESOS AFECTADO POR EL % DE PARTICIPACION | I112: VALOR EJECUTADO EN SMMLV AFECTADO POR EL % DE PARTICIPACION | J112: No. CONSECUTIVO EN RUP | K112: uno de los integrantes del Proponente debe aportar como mínimo el cincuenta (50%) por ciento de la experiencia | L112: % DEL PROCESO
A113: Constructora Ingevisa sas 25%
F114: =IF(C114="","",E114/(VLOOKUP(YEAR(C114),$C$805:$D$841,2,FALSE))) | H114: =+E114*G114 -> 0 | I114: =+IF(E114="","",F114*G114) | L114: =(SUM(I114:I118))/$C$791 -> 0 | P114: =IF(L886="","",#REF!/(VLOOKUP(YEAR(#REF!),$XEU$1045872:$XEV$1045907,2,FALSE)))
F115: =IF(C115="","",E115/(VLOOKUP(YEAR(C115),$C$805:$D$841,2,FALSE))) | H115: =+E115*G115 -> 0 | I115: =+IF(E115="","",F115*G115) | P115: =IF(L887="","",#REF!/(VLOOKUP(YEAR(#REF!),$XEU$1045872:$XEV$1045907,2,FALSE)))
A116: Épsilon Ingeniería y Desarrollo sas 30%
F117: =IF(C117="","",E117/(VLOOKUP(YEAR(C117),$C$805:$D$841,2,FALSE))) | H117: 0 | I117: =+IF(E117="","",F117*G117)
A118: Ámbar construcciones y asesorías sas 45%
A119: EXPERIENCIA DEL PROPONENTE | L119: =IF(AND(L114>=100%),"CUMPLE","NO CUMPLE") -> NO CUMPLE | N119: NO CUMPLE
A122: =+#REF! -> #REF! | D122: =+#REF! -> #REF!
A123: FORMATO 7- MANIFESTACIÓN PERSONAL CLAVE Y FORMATOS | C123: CUMPLE
A125: CONDICIONES DE EXPERIENCIA | M125: CODIGO UNSPSC 81101500 - 80102200 -80101600 | N125: Observación y respuesta a observaciones
A126: OBJETO | B126: FECHA DE INICIO D/M/A | C126: FECHA DE TERMINACION D/M/A | D126: ENTIDAD | E126: VALOR CONTRATO | F126: VALOR EN SMMLV AÑO DE TERMINACION | G126: PORCENTAJE DE PARTICIPACION | H126: VALOR EJECUTADO EN PESOS AFECTADO POR EL % DE PARTICIPACION | I126: VALOR EJECUTADO EN SMMLV AFECTADO POR EL % DE PARTICIPACION | J126: No. CONSECUTIVO EN RUP | K126: uno de los integrantes del Proponente debe aportar como mínimo el cincuenta (50%) por ciento de la experiencia | L126: % DEL PROCESO
A127: VELNEC S.A. 100%
F128: =IF(C128="","",E128/(VLOOKUP(YEAR(C128),$C$805:$D$841,2,FALSE))) | H128: =+E128*G128 -> 0 | I128: =+IF(E128="","",F128*G128) | L128: =(SUM(I128:I129))/$C$791 -> 0 | P128: =IF(L915="","",#REF!/(VLOOKUP(YEAR(#REF!),$XEU$1045872:$XEV$1045907,2,FALSE)))
F129: =IF(C129="","",E129/(VLOOKUP(YEAR(C129),$C$805:$D$841,2,FALSE))) | H129: 0 | I129: =+IF(E129="","",F129*G129)
...
